Workbook

Sheet Доходи
C1: Додаток 1
C2: до розпорядження начальника
C3: міської військової адміністрації
C4: 24.12.2025 № 420-р/МВА
C5: (в редакції розпорядження начальника
C6: міської військової адміністрації
C7: 09.09.2026 № 220-р/МВА)
A9: Доходи місцевого бюджету на 2026 рік
A10: 0552500000
B11: (код бюджету) | F11: (грн)
A12: Код | B12: Найменування згідно з Класифікацією доходів бюджету | C12: Усього | D12: Загальний фонд | E12: Спеціальний фонд
E13: усього | F13: у тому числі бюджет розвитку
A14: 1 | B14: 2 | C14: 3 | D14: 4 | E14: 5 | F14: 6
A15: 10000000 | B15: Податкові надходження | C15: =SUM(D15:E15) -> 19270100 | D15: =SUM(D16,D26,D31,D39,D56) -> 19270100 | E15: =SUM(E16,E26,E31,E39,E56) -> 0 | F15: =SUM(F16,F26,F31,F39,F56) -> 0
A16: 11000000 | B16: Податки на доходи, податки на прибуток, податки на збільшення ринкової вартості | C16: =SUM(D16:E16) -> 19270100 | D16: =SUM(D17,D23) -> 19270100 | E16: =SUM(E17,E23) -> 0 | F16: =SUM(F17,F23) -> 0
A17: 11010000 | B17: Податок та збір на доходи фізичних осіб | C17: =SUM(D17:E17) -> 19270100 | D17: =SUM(D18:D22) -> 19270100 | E17: =SUM(E18:E21) -> 0 | F17: =SUM(F18:F21) -> 0
A18: 11010100 | B18: Податок на доходи фізичних осіб, що сплачується податковими агентами, із доходів платника податку у вигляді заробітної плати | C18: =SUM(D18:E18) -> 19270100 | D18: 19270100
A19: 11010200 | B19: Податок на доходи фізичних осіб з грошового забезпечення, грошових винагород та інших виплат, одержаних військовослужбовцями та особами рядового і начальницького складу, що сплачується податковими агентами | C19: =SUM(D19:E19) -> 0 | D19: 0
A20: 11010400 | B20: Податок на доходи фізичних осіб, що сплачується податковими агентами із доходів платника податку інших ніж заробітна плата | C20: =SUM(D20:E20) -> 0 | D20: 0
A21: 11010500 | B21: Податок на доходи фізичних осіб, що сплачується фізичними особами за результатами річного декларування | C21: =SUM(D21:E21) -> 0 | D21: 0
A22: 11011200 | B22: Податок на доходи фізичних осіб із доходів спеціалістів резидента Дія Сіті | C22: =SUM(D22:E22) -> 0 | D22: 0
A23: 11020000 | B23: Податок на прибуток підприємств | C23: =SUM(D23:E23) -> 0 | D23: =SUM(D24:D25) -> 0 | E23: =SUM(E24:E25) -> 0 | F23: =SUM(F24:F25) -> 0
A24: 11020200 | B24: Податок на прибуток підприємств та фінансових установ комунальної власності | C24: =SUM(D24:E24) -> 0
A25: 11023200 | B25: Авансові внески з податку на прибуток підприємств та фінансових установ комунальної власності | C25: =SUM(D25:E25) -> 0
A26: 13000000 | B26: Рентна плата та плата за використання інших природних ресурсів | C26: =SUM(D26:E26) -> 0 | D26: =SUM(D27,D29) -> 0 | E26: =SUM(E27,E29) -> 0 | F26: =SUM(F27,F29) -> 0
A27: 13010000 | B27: Рентна плата за спеціальне використання лісових ресурсів | C27: =SUM(D27:E27) -> 0 | D27: =D28 -> 0
A28: 13010200 | B28: Рентна плата за спеціальне використання лісових ресурсів (крім рентної плати за спеціальне використання лісових ресурсів в частині деревини, заготовленої в порядку рубок головного користування) | C28: =SUM(D28:E28) -> 0
A29: 13030000 | B29: Рентна плата за користування надрами загальнодержавного значення | C29: =SUM(D29:E29) -> 0 | D29: =D30 -> 0
A30: 13030100 | B30: Рентна плата за користування надрами для видобування інших корисних копалин загальнодержавного значення | C30: =SUM(D30:E30) -> 0
A31: 14000000 | B31: Внутрiшнi податки на товари та послуги | C31: =SUM(D31:E31) -> 0 | D31: =SUM(D32,D34,D36) -> 0 | E31: =SUM(E32,E34,E36) -> 0 | F31: =SUM(F32,F34,F36) -> 0
A32: 14020000 | B32: Акцизний податок з вироблених в Україні підакцизних товарів (продукції) | C32: =SUM(D32:E32) -> 0 | D32: =D33 -> 0 | E32: =E33 -> 0 | F32: =F33 -> 0
A33: 14021900 | B33: Пальне | C33: =SUM(D33:E33) -> 0 | D33: 0
A34: 14030000 | B34: Акцизний податок з ввезених на митну територію України підакцизних товарів (продукції) | C34: =SUM(D34:E34) -> 0 | D34: =D35 -> 0 | E34: =E35 -> 0 | F34: =F35 -> 0
A35: 14031900 | B35: Пальне | C35: =SUM(D35:E35) -> 0 | D35: 0
A36: 14040000 | B36: Акцизний податок з реалізації суб’єктами госпо-дарювання роздрібної торгівлі підакцизних товарів | C36: =SUM(D36:E36) -> 0 | D36: =SUM(D37,D38) -> 0
A37: 14040100 | B37: Акцизний податок з реалізації виробниками та/або імпортерами, у тому числі в роздрібній торгівлі тютюнових виробів, тютюну та промислових замінників тютюну, рідин, що використовуються в електронних сигаретах, що оподатковується згідно з підпунктом 213.1.14 пункту 213.1 статті 213 Податкового кодексу України | C37: =SUM(D37:E37) -> 0 | D37: 0
A38: 14040200 | B38: Акцизний податок з реалізації суб'єктами господарювання роздрібної торгівлі підакцизних товарів (крім тих, що оподатковуються згідно з підпунктом 213.1.14 пункту 213.1 статті 213 Податкового кодексу України) | C38: =SUM(D38:E38) -> 0
A39: 18000000 | B39: Місцеві податки | C39: =SUM(D39:E39) -> 0 | D39: =SUM(D40,D51:D52) -> 0 | E39: =SUM(E40,E51:E52) -> 0 | F39: =SUM(F40,F51:F52) -> 0
A40: 18010000 | B40: Податок на майно | C40: =SUM(D40:E40) -> 0 | D40: =SUM(D41:D50) -> 0 | E40: =SUM(E41:E50) -> 0 | F40: =SUM(F41:F50) -> 0
A41: 18010100 | B41: Податок на нерухоме майно, відмінне від земельної ділянки, сплачений юридичними особами | C41: =SUM(D41:E41) -> 0 | D41: 0
A42: 18010200 | B42: Податок на нерухоме майно, відмінне від земельної ділянки, сплачений фізичними особами, які є власниками об'єктів житлової нерухомості | C42: =SUM(D42:E42) -> 0
A43: 18010300 | B43: Податок на нерухоме майно, відмінне від земельної ділянки, сплачений фізичними особами, які є власниками об'єктів нежитлової нерухомості | C43: =SUM(D43:E43) -> 0
A44: 18010400 | B44: Податок на нерухоме майно, відмінне від земельної ділянки, сплачений юридичними особами, які є власниками об'єктів нежитлової нерухомості | C44: =SUM(D44:E44) -> 0 | D44: 0
A45: 18010500 | B45: Земельний податок з юридичних осіб | C45: =SUM(D45:E45) -> 0 | D45: 0
A46: 18010600 | B46: Орендна плата з юридичних осіб | C46: =SUM(D46:E46) -> 0 | D46: 0
A47: 18010700 | B47: Земельний податок з фізичних осіб | C47: =SUM(D47:E47) -> 0
A48: 18010900 | B48: Орендна плата з фізичних осіб | C48: =SUM(D48:E48) -> 0 | D48: 0
A49: 18011000 | B49: Транспортний податок з фізичних осіб | C49: =SUM(D49:E49) -> 0
A50: 18011100 | B50: Транспортний податок з юридичних осіб | C50: =SUM(D50:E50) -> 0
A51: 18030200 | B51: Туристичний збір з фізичних осіб | C51: =SUM(D51:E51) -> 0
A52: 18050000 | B52: Єдиний податок | C52: =SUM(D52:E52) -> 0 | D52: =SUM(D53:D55) -> 0 | E52: =SUM(E53:E55) -> 0 | F52: =SUM(F53:F55) -> 0
A53: 18050300 | B53: Єдиний податок з юридичних осіб | C53: =SUM(D53:E53) -> 0 | D53: 0
A54: 18050400 | B54: Єдиний податок з фізичних осіб | C54: =SUM(D54:E54) -> 0 | D54: 0
A55: 18050500 | B55: Єдиний податок з сільськогосподарських товаровиробників, у яких частка сільськогосподарського товаровиробництва за попередній податковий (звітний) рік дорівнює або перевищує 75 відсотків | C55: =SUM(D55:E55) -> 0 | D55: 0
A56: 19000000 | B56: Інші податки та збори | C56: =SUM(D56:E56) -> 0 | D56: =D57 -> 0 | E56: =E57 -> 0 | F56: =F57 -> 0
A57: 19010000 | B57: Екологічний податок | C57: =SUM(D57:E57) -> 0 | D57: =SUM(D58:D61) -> 0 | E57: =SUM(E58:E61) -> 0 | F57: =SUM(F58:F61) -> 0
A58: 19010100 | B58: Надходження від викидів забруднюючих речовин в атмосферне повітря стаціонарними джерелами забруднення | C58: =SUM(D58:E58) -> 0 | E58: 0
A59: 19010200 | B59: Надходження від скидів забруднюючих речовин безпосередньо у водні об'єкти | C59: =SUM(D59:E59) -> 0 | E59: 0
A60: 19010300 | B60: Надходження від розміщення відходів у спеціально відведених для цього місцях чи на об'єктах, крім розміщення окремих видів відходів як вторинної сировини | C60: =SUM(D60:E60) -> 0 | E60: 0
A61: 19011000 | B61: Екологічний податок, який справляється за викиди в атмосферне повітря двоокису вуглецю стаціонарними джерелами забруднення | C61: =SUM(D61:E61) -> 0
A62: 20000000 | B62: Неподаткові надходження | C62: =SUM(D62:E62) -> 157000 | D62: =SUM(D63,D71,D82,D89,D81) -> 0 | E62: =SUM(E63,E71,E82,E89) -> 157000 | F62: =SUM(F63,F71,F82,F89) -> 0
A63: 21000000 | B63: Доходи від власності та підприємницької діяльності | C63: =SUM(D63:E63) -> 0 | D63: =SUM(D64:D65) -> 0 | E63: =SUM(E64:E65) -> 0 | F63: =SUM(F64:F65) -> 0
A64: 21050000 | B64: Плата за розміщення тимчасово вільних коштів місцевих бюджетів | C64: =SUM(D64:E64) -> 0 | D64: 0
A65: 21080000 | B65: Інші надходження, у тому числі: | C65: =SUM(D65:E65) -> 0 | D65: =SUM(D66:D70) -> 0 | E65: =SUM(E66:E70) -> 0 | F65: =SUM(F66:F70) -> 0
A66: 21080900 | B66: Штрафні санкції за порушення законодавства про патентування, за порушення норм регулювання обігу готівки та про застосування реєстраторів розрахункових операцій у сфері торгівлі, громадського харчування та послуг | C66: =SUM(D66:E66) -> 0
A67: 21081100 | B67: Адміністративні штрафи та інші санкції | C67: =SUM(D67:E67) -> 0 | D67: 0
A68: 21081500 | B68: Адміністративні штрафи та штрафні санкції за порушення законодавства у сфері виробництва та обігу алкогольних напоїв та тютюнових виробів | C68: =SUM(D68:E68) -> 0
A69: 21081700 | B69: Плата за встановлення земельного сервітуту | C69: =SUM(D69:E69) -> 0 | D69: 0
A70: 21082400 | B70: Кошти гарантійного та реєстраційного внесків, що визначені Законом України "Про оренду державного та комунального майна", які підлягають перерахуванню оператором електронного майданчика до відповідного бюджету | C70: =SUM(D70:E70) -> 0
A71: 22000000 | B71: Адміністративні збори та платежі, доходи від некомерційної господарської діяльності | C71: =SUM(D71:E71) -> 0 | D71: =SUM(D72,D77,D79) -> 0 | E71: =SUM(E72,E77,E79) -> 0 | F71: =SUM(F72,F77,F79) -> 0
A72: 22010000 | B72: Плата за надання адмiнiстративних послуг | C72: =SUM(D72:E72) -> 0 | D72: =SUM(D73:D76) -> 0 | E72: =SUM(E73:E76) -> 0 | F72: =SUM(F73:F76) -> 0
A73: 22010300 | B73: Адміністративний збір за проведення державної реєстрації юридичних осіб, фізичних осіб - підприємців та громадських формувань | C73: =SUM(D73:E73) -> 0
A74: 22012500 | B74: Плата за надання інших адмiнiстративних послуг | C74: =SUM(D74:E74) -> 0
A75: 22012600 | B75: Адміністративний збір за державну реєстрацію речових прав на нерухоме майно та їх обтяжень | C75: =SUM(D75:E75) -> 0
A76: 22012900 | B76: Плата за скорочення термінів надання послуг у сфері державної реєстрації речових прав на нерухоме майно та їх обтяжень і державної реєстрації юридичних осіб, фізичних осіб - підприємців та громадських формувань, а також плата за надання інших платних послуг, пов'язаних з такою державною реєстрацією | C76: =SUM(D76:E76) -> 0 | D76: 0
A77: 22080000 | B77: Надходження від орендної плати за користування цілісним майновим комплексом та іншим державним майном | C77: =SUM(D77:E77) -> 0 | D77: =D78 -> 0 | E77: =E78 -> 0 | F77: =F78 -> 0
A78: 22080400 | B78: Надходження від орендної плати за користування цілісним майновим комплексом та іншим майном, що перебуває в комунальній власності | C78: =SUM(D78:E78) -> 0 | D78: 0
A79: 22090000 | B79: Державне мито | C79: =SUM(D79:E79) -> 0 | D79: =D80 -> 0 | E79: =E80 -> 0 | F79: =F80 -> 0
A80: 22090100 | B80: Державне мито, що сплачується за місцем розгляду та оформлення документів, у тому числі за оформлення документів на спадщину і дарування | C80: =SUM(D80:E80) -> 0
A81: 22130000 | B81: Орендна плата за водні об'єкти (їх частини), що надаються в користування на умовах оренди Радою міністрів Автономної Республіки Крим, обласними, районними, Київською та Севастопольською міськими державними адміністраціями, місцевими радами
A82: 24000000 | B82: Інші неподаткові надходження | C82: =SUM(D82:E82) -> 0 | D82: =SUM(D83,D88) -> 0 | E82: =SUM(E83,E88) -> 0 | F82: =SUM(F83,F88) -> 0
A83: 24060000 | B83: Інші надходження | C83: =SUM(D83:E83) -> 0 | D83: =SUM(D84:D87) -> 0 | E83: =SUM(E84:E87) -> 0 | F83: =SUM(F84:F87) -> 0
A84: 24060300 | B84: Інші надходження | C84: =SUM(D84:E84) -> 0
A85: 24061600 | B85: Інші надходження до фондів охорони навколишнього природного середовища | C85: =SUM(D85:E85) -> 0
A86: 24062100 | B86: Грошові стягнення за шкоду, заподіяну порушенням законодавства про охорону навколишнього природного середовища внаслідок господарської та іншої діяльності | C86: =SUM(D86:E86) -> 0
A87: 24062200 | B87: Кошти за шкоду, що заподіяна на земельних ділянках державної та комунальної власності, які не надані у користування та не передані у власність, внаслідок їх самовільного зайняття, використання не за цільовим призначенням, зняття ґрунтового покриву (родючого шару ґрунту) без спеціального дозволу; відшкодування збитків за погіршення якості ґрунтового покриву тощо та за неодержання доходів у зв'язку з тимчасовим невикористанням земельних ділянок | C87: =SUM(D87:E87) -> 0 | D87: 0
A88: 24170000 | B88: Надходження коштів пайової участі у розвитку інфраструктури населеного пункту | C88: =SUM(D88:E88) -> 0
A89: 25000000 | B89: Власні надходження бюджетних установ | C89: =SUM(D89:E89) -> 157000 | D89: =D90 -> 0 | E89: =E90 -> 157000 | F89: =F90 -> 0
A90: 25010000 | B90: Надходження від плати за послуги, що надаються бюджетними установами згідно із законодавством | C90: =SUM(D90:E90) -> 157000 | D90: =SUM(D91:D93) -> 0 | E90: =SUM(E91:E93) -> 157000 | F90: =SUM(F91:F93) -> 0
A91: 25010100 | B91: Плата за послуги, що надаються бюджетними установами згідно з їх основною діяльністю | C91: =SUM(D91:E91) -> 157000 | E91: 157000
A92: 25010300 | B92: Плата за оренду майна бюджетних установ | C92: =SUM(D92:E92) -> 0
A93: 25010400 | B93: Надходження бюджетних установ від реалізації в установленому порядку майна (крім нерухомого майна) | C93: =SUM(D93:E93) -> 0
A94: 30000000 | B94: Доходи від операцій з капіталом | C94: =SUM(D94:E94) -> 0 | D94: =SUM(D95,D98) -> 0 | E94: =SUM(E95,E98) -> 0 | F94: =SUM(F95,F98) -> 0
A95: 31000000 | B95: Надходження від продажу основного капіталу | C95: =SUM(D95:E95) -> 0 | D95: =D96 -> 0 | E95: =E96 -> 0 | F95: =F96 -> 0
A96: 31010000 | B96: Кошти від реалізації скарбів, майна, одержаного державою або територіальною громадою в порядку спадкування чи дарування, безхазяйного майна, знахідок, а також валютних цінностей і грошових коштів, власники яких невідомі | C96: =SUM(D96:E96) -> 0 | D96: =D97 -> 0 | E96: =E97 -> 0 | F96: =F97 -> 0
A97: 31010200 | B97: Кошти від реалізації безхазяйного майна, знахідок, спадкового майна, майна, одержаного територіальною громадою в порядку спадкування чи дарування, а також валютні цінності і грошові кошти, власники яких невідомі | C97: =SUM(D97:E97) -> 0
A98: 33000000 | B98: Кошти від продажу землі і нематеріальних активів | C98: =SUM(D98:E98) -> 0 | D98: =D99 -> 0 | E98: =E99 -> 0 | F98: =F99 -> 0
A99: 33010000 | B99: Кошти від продажу землі | C99: =SUM(D99:E99) -> 0 | D99: =SUM(D100:D101) -> 0 | E99: =SUM(E100:E101) -> 0 | F99: =SUM(F100:F101) -> 0
A100: 33010100 | B100: Кошти від продажу земельних ділянок несільськогосподарського призначення, що перебувають у державній або комунальній власності, та земельних дiлянок, якi знаходяться на територiї Автономної Республiки Крим | C100: =SUM(D100:E100) -> 0 | D100: =SUM(J100:R100) -> 0
A101: 33010400 | B101: Кошти від продажу земельних ділянок несільськогосподарського призначення до розмежування земель державної та комунальної власності з розстроченням платежу | C101: =SUM(D101:E101) -> 0
...

Sheet Фінансування
D1: Додаток 2
D2: до розпорядження начальника
D3: міської військової адміністрації
D4: від ________________№_________
D5: (в редакції розпорядження начальника
D6: Курахівської міської військової адміністрації
D7: від 11.11.2022 № 147-р/МВА)
C10: Фінансування місцевого бюджету на 2026 рік
C11: 0552500000
C12: (код бюджету) | D12: Загальний фонд | F12: (грн.)
B13: Найменування згідно з Класифікацією фінансування бюджету | C13: Усього | E13: Спеціальний фонд | G13: Усього
D14: 3 | E14: усього | F14: у тому числі бюджет розвитку
A15: 1 | B15: 2 | E15: 4 | F15: 5 | G15: 6
A16: Фінансування за типом кредитора
A17: 200000 | B17: Внутрішнє фінансування | C17: =C18 -> 5000000 | D17: =D27 -> 5000000 | E17: =E24 -> 0 | F17: =SUM(F18,F24) -> 0 | G17: =SUM(D17:E17) -> 5000000
A18: 206000 | B18: Зміни обсягів депозитів і цінних паперів, що використовуються для управління ліквідністю | C18: =C25 -> 5000000 | D18: =D25 -> 0 | E18: =E19-E22 -> 0 | F18: =F19-F22 -> 0 | G18: =SUM(D18:E18) -> 0
A19: 206100 | B19: Повернення бюджетних коштів з депозитів, надходження внаслідок продажу/пред'явлення цінних паперів | C19: =SUM(D18:E18) -> 0 | D19: =D20+D21 -> 0 | E19: =E20 -> 0 | F19: =F20 -> 0 | G19: =SUM(D19:E19) -> 0
A20: 206110 | B20: Повернення бюджетних коштів з депозитів | C20: =SUM(D19:E19) -> 0 | G20: =SUM(D20:E20) -> 0
A21: 206120 | B21: Надходження внаслідок продажу/пред'явлення цінних паперів | C21: =SUM(D20:E20) -> 0
A22: 206200 | B22: Розміщення бюджетних коштів на депозитах або придбання цінних паперів | C22: =SUM(D21:E21) -> 0 | D22: =D23 -> 0 | E22: =E23 -> 0 | F22: =F23 -> 0 | G22: =SUM(D22:E22) -> 0
A23: 206210 | B23: Розміщення бюджетних коштів на депозитах | C23: =SUM(D22:E22) -> 0 | G23: =SUM(D23:E23) -> 0
A24: 208000 | B24: Фінансування за рахунок зміни залишків коштів бюджетів | C24: =SUM(D23:E23) -> 0 | D24: =D28 -> 0 | E24: =E25-E26+E28+E27 -> 0 | F24: =F25-F26+F28+F27 -> 0 | G24: =SUM(D24:E24) -> 0
A25: 208100 | B25: На початок періоду | C25: =D25+E25 -> 5000000 | E25: 5000000 | G25: =SUM(D25:E25) -> 5000000
A26: 208200 | B26: На кінець періоду | C26: =SUM(D25:E25) -> 5000000 | E26: 0 | G26: =SUM(D26:E26) -> 0
A27: 208320 | B27: Передача коштів із спеціального до загального фонду бюджету | C27: =SUM(D26:E26) -> 0 | D27: 5000000 | E27: -5000000
A28: 208400 | B28: Кошти, що передаються із загального фонду бюджету до бюджету розвитку (спеціального фонду) | C28: 0 | D28: 0 | E28: 0 | F28: 0 | G28: =SUM(D28:E28) -> 0
A29: х | B29: Загальне фінансування | E29: =E17 -> 0 | F29: =F17 -> 0 | G29: =SUM(D29:E29) -> 0
C30: =SUM(D29:E29) -> 0 | G30: =SUM(D30:E30) -> 0
D31: =D32 -> 0 | E31: =E32 -> 0 | F31: =F32 -> 0 | G31: =SUM(D31:E31) -> 0
G32: =SUM(D32:E32) -> 0
D33: =D34 -> 0 | E33: =E34 -> 0 | F33: =F34 -> 0 | G33: =SUM(D33:E33) -> 0
D34: =SUM(D35:D36) -> 0 | E34: =SUM(E35:E36) -> 0 | F34: =SUM(F35:F36) -> 0 | G34: =SUM(D34:E34) -> 0
G35: =SUM(D35:E35) -> 0
G36: =SUM(D36:E36) -> 0
A37: Фінансування за типом боргового зобов'язання
A38: 600000 | B38: Фінансування за активними операціями | C38: =C39 -> 0 | D38: =D39 -> 0 | E38: =SUM(E39,E45) -> 0 | F38: =SUM(F39,F45) -> 0 | G38: =SUM(D38:E38) -> 0
A39: 601000 | B39: Зміни обсягів депозитів і цінних паперів, що використовуються для управління ліквідністю | C39: =SUM(D38:E38) -> 0 | D39: =D40-D43+D46 -> 0 | E39: =E40-E43 -> 0 | F39: =F40-F43 -> 0 | G39: =SUM(D39:E39) -> 0
A40: 601100 | B40: Повернення бюджетних коштів з депозитів, надходження внаслідок продажу/пред'явлення цінних паперів | C40: =SUM(D39:E39) -> 0 | D40: =D41+D42 -> 0 | E40: =E41 -> 0 | F40: =F41 -> 0 | G40: =SUM(D40:E40) -> 0
A41: 601110 | B41: Повернення бюджетних коштів з депозитів | C41: =SUM(D40:E40) -> 0 | G41: =SUM(D41:E41) -> 0
A42: 601120 | B42: Надходження внаслідок продажу/пред'явлення цінних паперів | C42: =SUM(D41:E41) -> 0
A43: 601200 | B43: Розміщення бюджетних коштів на депозитах або придбання цінних паперів | C43: =SUM(D42:E42) -> 0 | D43: =D44 -> 0 | E43: =E44 -> 0 | F43: =F44 -> 0 | G43: =SUM(D43:E43) -> 0
A44: 601210 | B44: Розміщення бюджетних коштів на депозитах | C44: =SUM(D43:E43) -> 0 | G44: =SUM(D44:E44) -> 0
A45: 602000 | B45: Зміни обсягів бюджетних коштів | C45: =SUM(D44:E44) -> 0 | D45: =D46-D47+D50+D49 -> 5000000 | E45: =E46-E47+E50+E49 -> 0 | F45: =F46-F47+F50+F49 -> 0 | G45: =SUM(D45:E45) -> 5000000
A46: 602100 | B46: На початок періоду | C46: =C47 -> 5000000 | E46: 5000000 | G46: =SUM(D46:E46) -> 5000000
A47: 602200 | B47: На кінець періоду | C47: =SUM(D46:E46) -> 5000000 | E47: 0 | G47: =SUM(D47:E47) -> 0
A48: 602302 | B48: Передача коштів із спеціального до загального фонду бюджету | C48: =SUM(D47:E47) -> 0 | G48: =SUM(D48:E48) -> 0
A49: 602302 | B49: Передача коштів із спеціального до загального фонду бюджету | C49: =SUM(D48:E48) -> 0
A50: 602400 | B50: Кошти, що передаються із загального фонду бюджету до бюджету розвитку (спеціального фонду) | C50: =SUM(D49:E49) -> 0 | D50: 5000000 | E50: -5000000 | F50: 0 | G50: =SUM(D50:E50) -> 0
A51: х | B51: Загальне фінансування | E51: =E38 -> 0 | F51: =F38 -> 0 | G51: =SUM(D51:E51) -> 0
C52: =SUM(D51:E51) -> 0 | D52: =D38 -> 0 | E52: =SUM(E53,E60) -> 0 | F52: =SUM(F53,F60) -> 0 | G52: =SUM(D52:E52) -> 0
D53: =SUM(D54,D61) -> 0 | E53: =SUM(E54:E59) -> 0 | F53: =SUM(F54:F59) -> 0 | G53: =SUM(D53:E53) -> 0
D54: =SUM(D55:D60) -> 0 | G54: =SUM(D54:E54) -> 0
G55: =SUM(D55:E55) -> 0
G56: =SUM(D56:E56) -> 0
G57: =SUM(D57:E57) -> 0
G58: =SUM(D58:E58) -> 0
G59: =SUM(D59:E59) -> 0
E60: =SUM(E61:E62) -> 0 | F60: =SUM(F61:F62) -> 0 | G60: =SUM(D60:E60) -> 0
D61: =SUM(D62:D63) -> 0 | G61: =SUM(D61:E61) -> 0
G62: =SUM(D62:E62) -> 0
E63: =SUM(E64,E69) -> 0 | F63: =SUM(F64,F69) -> 0 | G63: =SUM(D63:E63) -> 0
D64: =SUM(D65,D70) -> 0 | E64: =SUM(E65:E68) -> 0 | F64: =SUM(F65:F68) -> 0 | G64: =SUM(D64:E64) -> 0
D65: =SUM(D66:D69) -> 0 | G65: =SUM(D65:E65) -> 0
G66: =SUM(D66:E66) -> 0
G67: =SUM(D67:E67) -> 0
G68: =SUM(D68:E68) -> 0
E69: =E70 -> 0 | F69: =F70 -> 0 | G69: =SUM(D69:E69) -> 0
D70: =D71 -> 0 | G70: =SUM(D70:E70) -> 0
G71: =SUM(D71:E71) -> 0
G72: =SUM(D72:E72) -> 0
E73: =SUM(E74,E78,E83,E81) -> 0 | F73: =SUM(F74,F78,F83,F81) -> 0 | G73: =SUM(D73:E73) -> 0
D74: =SUM(D75,D79,D84,D82) -> 0 | E74: =SUM(E75:E76) -> 0 | F74: =SUM(F75:F76) -> 0 | G74: =SUM(D74:E74) -> 0
D75: =SUM(D76:D77) -> 0 | G75: =SUM(D75:E75) -> 0
E76: =E77 -> 0 | F76: =F77 -> 0 | G76: =SUM(D76:E76) -> 0
D77: =D78 -> 0 | G77: =SUM(D77:E77) -> 0
E78: =E79 -> 0 | F78: =F79 -> 0 | G78: =SUM(D78:E78) -> 0
D79: =D80 -> 0 | E79: =E80 -> 0 | F79: =F80 -> 0 | G79: =SUM(D79:E79) -> 0
D80: =D81 -> 0 | G80: =SUM(D80:E80) -> 0
E81: =E82 -> 0 | F81: =F82 -> 0 | G81: =SUM(D81:E81) -> 0
D82: =D83 -> 0 | G82: =SUM(D82:E82) -> 0
E83: =E84 -> 0 | F83: =F84 -> 0 | G83: =SUM(D83:E83) -> 0
D84: =D85 -> 0 | E84: =SUM(E85:E87) -> 0 | F84: =SUM(F85:F87) -> 0 | G84: =SUM(D84:E84) -> 0
D85: =SUM(D86:D88) -> 0 | G85: =SUM(D85:E85) -> 0
G86: =SUM(D86:E86) -> 0
G87: =SUM(D87:E87) -> 0
E88: =SUM(E92,E89) -> 0 | F88: =SUM(F92,F89) -> 0 | G88: =SUM(D88:E88) -> 0
D89: =SUM(D93,D90) -> 0 | E89: =E90 -> 0 | F89: =F90 -> 0 | G89: =SUM(D89:E89) -> 0
D90: =D91 -> 0 | E90: =E91 -> 0 | F90: =F91 -> 0 | G90: =SUM(D90:E90) -> 0
D91: =D92 -> 0 | G91: =SUM(D91:E91) -> 0
E92: =E93 -> 0 | F92: =F93 -> 0 | G92: =SUM(D92:E92) -> 0
D93: =D94 -> 0 | E93: =E94 -> 0 | F93: =F94 -> 0 | G93: =SUM(D93:E93) -> 0
D94: =D95 -> 0 | G94: =SUM(D94:E94) -> 0
G95: =SUM(D95:E95) -> 0
G96: =SUM(D96:E96) -> 0
E97: =SUM(E16,E73,E88) -> 0 | F97: =SUM(F16,F73,F88) -> 0 | G97: =SUM(D97:E97) -> 0
D98: =SUM(D16,D74,D89) -> 0 | E98: =E99 -> 0 | F98: =F99 -> 0 | G98: =SUM(D98:E98) -> 0
D99: =D100 -> 0 | E99: =SUM(E102,E100) -> 0 | F99: =SUM(F102,F100) -> 0 | G99: =SUM(D99:E99) -> 0
D100: =SUM(D103,D101) -> 0 | E100: =-E101 -> 0 | F100: =-F101 -> 0 | G100: =SUM(D100:E100) -> 0
D101: =-D102 -> 0 | G101: =SUM(D101:E101) -> 0
E102: =SUM(E103:E104) -> 0 | F102: =SUM(F103:F104) -> 0 | G102: =SUM(D102:E102) -> 0
...

Sheet Видатки
M1: Додаток 3
M2: до розпорядження начальника
M3: міської військової адміністрації
M4: 24.12.2025 № 420-р/МВА
M5: (в редакції розпорядження начальника
M6: міської військової адміністрації
M7: 09.09.2026 № 220-р/МВА)
A9: РОЗПОДІЛ
A10: видатків місцевого бюджету на 2026 рік
A11: 0552500000
A12: (код бюджету) | P12: (грн)
A13: Код Програмної класифікації видатків та кредитування місцевого бюджету | B13: Код Типової програмної класифікації видатків та кредитування місцевого бюджету | C13: Код Функціональної класифікації видатків та кредитування бюджету | D13: Найменування головного розпорядника коштів місцевого бюджету/ відповідального виконавця, найменування бюджетної програми згідно з Типовою програмною класифікацією видатків та кредитування місцевого бюджету | E13: Загальний фонд | J13: Спеціальний фонд | P13: РАЗОМ
E14: усього | F14: видатки споживання | G14: з них | I14: видатки розвитку | J14: усього | K14: у тому числі бюджет розвитку | L14: видатки споживання | M14: з них | O14: видатки розвитку
G15: оплата праці | H15: комунальні послуги та енергоносії | M15: оплата праці | N15: комунальні послуги та енергоносії
A17: 1 | B17: 2 | C17: 3 | D17: 4 | E17: 5 | F17: 6 | G17: 7 | H17: 8 | I17: 9 | J17: 10 | K17: 11 | L17: 12 | M17: 13 | N17: 14 | O17: 15 | P17: 16
A18: 0100000 | D18: Курахiвська мiська рада | E18: 191054749 | F18: 175058000 | G18: 32138232 | H18: 2539747 | I18: 15996749 | J18: 0 | K18: 0 | L18: 0 | M18: 0 | N18: 0 | O18: 0 | P18: =E18 + J18 -> 191054749
A19: 0110000 | D19: Курахiвська мiська рада | E19: 165623972 | F19: 164341842 | G19: 27782324 | H19: 1810887 | I19: 1282130 | J19: 0 | K19: 0 | L19: 0 | M19: 0 | N19: 0 | O19: 0 | P19: =E19 + J19 -> 165623972
A20: 0110150 | B20: 0150 | C20: 0111 | D20: Організаційне, інформаційно-аналітичне та матеріально-технічне забезпечення діяльності обласної ради, районної ради, районної у місті ради (у разі її створення), міської, селищної, сільської рад | E20: 40613203 | F20: 39627266 | G20: 27782324 | H20: 1810887 | I20: 985937 | J20: 0 | K20: 0 | L20: 0 | M20: 0 | N20: 0 | O20: 0 | P20: =E20 + J20 -> 40613203
A21: 0110180 | B21: 0180 | C21: 0133 | D21: Інша діяльність у сфері державного управління | E21: 155315 | F21: 155315 | G21: 0 | H21: 0 | I21: 0 | J21: 0 | K21: 0 | L21: 0 | M21: 0 | N21: 0 | O21: 0 | P21: =E21 + J21 -> 155315
A22: 0113114 | B22: 3114 | C22: 1040 | D22: Забезпечення умов для догляду та виховання дітей і молоді в дитячих будинках сімейного типу, прийомних сім`ях та сім`ях патронатних вихователів | E22: 349287 | F22: 53094 | G22: 0 | H22: 0 | I22: 296193 | J22: 0 | K22: 0 | L22: 0 | M22: 0 | N22: 0 | O22: 0 | P22: =E22 + J22 -> 349287
A23: 0117370 | B23: 7370 | C23: 0490 | D23: Реалізація інших заходів щодо соціально-економічного розвитку територій | E23: 122930748 | F23: 122930748 | G23: 0 | H23: 0 | I23: 0 | J23: 0 | K23: 0 | L23: 0 | M23: 0 | N23: 0 | O23: 0 | P23: =E23 + J23 -> 122930748
A24: 0118110 | B24: 8110 | C24: 0320 | D24: Заходи із запобігання та ліквідації надзвичайних ситуацій та наслідків стихійного лиха | E24: 286235 | F24: 286235 | G24: 0 | H24: 0 | I24: 0 | J24: 0 | K24: 0 | L24: 0 | M24: 0 | N24: 0 | O24: 0 | P24: =E24 + J24 -> 286235
A25: 0118220 | B25: 8220 | C25: 0380 | D25: Заходи та роботи з мобілізаційної підготовки місцевого значення | E25: 1289184 | F25: 1289184 | G25: 0 | H25: 0 | I25: 0 | J25: 0 | K25: 0 | L25: 0 | M25: 0 | N25: 0 | O25: 0 | P25: =E25 + J25 -> 1289184
A26: 0120000 | D26: Курахiвська мiська рада | E26: 17367179 | F26: 3357713 | G26: 1330199 | H26: 24000 | I26: 14009466 | J26: 0 | K26: 0 | L26: 0 | M26: 0 | N26: 0 | O26: 0 | P26: =E26 + J26 -> 17367179
A27: 0120180 | B27: 0180 | C27: 0133 | D27: Інша діяльність у сфері державного управління | E27: 1811538 | F27: 1771938 | G27: 1330199 | H27: 24000 | I27: 39600 | J27: 0 | K27: 0 | L27: 0 | M27: 0 | N27: 0 | O27: 0 | P27: =E27 + J27 -> 1811538
A28: 0127693 | B28: 7693 | C28: 0490 | D28: Інші заходи, пов`язані з економічною діяльністю | E28: 13969866 | F28: 0 | G28: 0 | H28: 0 | I28: 13969866 | J28: 0 | K28: 0 | L28: 0 | M28: 0 | N28: 0 | O28: 0 | P28: =E28 + J28 -> 13969866
A29: 0128110 | B29: 8110 | C29: 0320 | D29: Заходи із запобігання та ліквідації надзвичайних ситуацій та наслідків стихійного лиха | E29: 1585775 | F29: 1585775 | G29: 0 | H29: 0 | I29: 0 | J29: 0 | K29: 0 | L29: 0 | M29: 0 | N29: 0 | O29: 0 | P29: =E29 + J29 -> 1585775
A30: 0130000 | D30: Курахiвська мiська рада | E30: 8063598 | F30: 7358445 | G30: 3025709 | H30: 704860 | I30: 705153 | J30: 0 | K30: 0 | L30: 0 | M30: 0 | N30: 0 | O30: 0 | P30: =E30 + J30 -> 8063598
A31: 0132111 | B31: 2111 | C31: 0726 | D31: Первинна медична допомога населенню, що надається центрами первинної медичної (медико-санітарної) допомоги | E31: 8063598 | F31: 7358445 | G31: 3025709 | H31: 704860 | I31: 705153 | J31: 0 | K31: 0 | L31: 0 | M31: 0 | N31: 0 | O31: 0 | P31: =E31 + J31 -> 8063598
A32: 0600000 | D32: Управління освіти Курахівської міської ради | E32: 97727990 | F32: 97727990 | G32: 78402581 | H32: 0 | I32: 0 | J32: 0 | K32: 0 | L32: 0 | M32: 0 | N32: 0 | O32: 0 | P32: =E32 + J32 -> 97727990
A33: 0610000 | D33: Управління освіти Курахівської міської ради | E33: 97727990 | F33: 97727990 | G33: 78402581 | H33: 0 | I33: 0 | J33: 0 | K33: 0 | L33: 0 | M33: 0 | N33: 0 | O33: 0 | P33: =E33 + J33 -> 97727990
A34: 0610160 | B34: 0160 | C34: 0111 | D34: Керівництво і управління у відповідній сфері у містах (місті Києві), селищах, селах, територіальних громадах | E34: 7328777 | F34: 7328777 | G34: 5828653 | H34: 0 | I34: 0 | J34: 0 | K34: 0 | L34: 0 | M34: 0 | N34: 0 | O34: 0 | P34: =E34 + J34 -> 7328777
A35: 0611010 | B35: 1010 | C35: 0910 | D35: Надання дошкільної освіти | E35: 9759023 | F35: 9759023 | G35: 7850117 | H35: 0 | I35: 0 | J35: 0 | K35: 0 | L35: 0 | M35: 0 | N35: 0 | O35: 0 | P35: =E35 + J35 -> 9759023
A36: 0611021 | B36: 1021 | C36: 0921 | D36: Надання загальної середньої освіти закладами загальної середньої освіти за рахунок коштів місцевого бюджету | E36: 5327709 | F36: 5327709 | G36: 3325010 | H36: 0 | I36: 0 | J36: 0 | K36: 0 | L36: 0 | M36: 0 | N36: 0 | O36: 0 | P36: =E36 + J36 -> 5327709
A37: 0611031 | B37: 1031 | C37: 0921 | D37: Надання загальної середньої освіти закладами загальної середньої освіти за рахунок освітньої субвенції | E37: 67787800 | F37: 67787800 | G37: 55616211 | H37: 0 | I37: 0 | J37: 0 | K37: 0 | L37: 0 | M37: 0 | N37: 0 | O37: 0 | P37: =E37 + J37 -> 67787800
A38: 0611070 | B38: 1070 | C38: 0960 | D38: Надання позашкільної освіти закладами позашкільної освіти, заходи із позашкільної роботи з дітьми | E38: 1129897 | F38: 1129897 | G38: 926145 | H38: 0 | I38: 0 | J38: 0 | K38: 0 | L38: 0 | M38: 0 | N38: 0 | O38: 0 | P38: =E38 + J38 -> 1129897
A39: 0611142 | B39: 1142 | C39: 0990 | D39: Інші програми та заходи у сфері освіти | E39: 279920 | F39: 279920 | G39: 0 | H39: 0 | I39: 0 | J39: 0 | K39: 0 | L39: 0 | M39: 0 | N39: 0 | O39: 0 | P39: =E39 + J39 -> 279920
A40: 0611160 | B40: 1160 | C40: 0990 | D40: Забезпечення діяльності центрів професійного розвитку педагогічних працівників | E40: 1039664 | F40: 1039664 | G40: 852183 | H40: 0 | I40: 0 | J40: 0 | K40: 0 | L40: 0 | M40: 0 | N40: 0 | O40: 0 | P40: =E40 + J40 -> 1039664
A41: 0611184 | B41: 1184 | C41: 0990 | D41: Виконання заходів, спрямованих на реалізацію публічного інвестиційного проекту на забезпечення якісної, сучасної та доступної загальної середньої освіти `Нова українська школа` за рахунок субвенції з державного бюджету місцевим бюджетам | E41: 0 | F41: 0 | G41: 0 | H41: 0 | I41: 0 | J41: 0 | K41: 0 | L41: 0 | M41: 0 | N41: 0 | O41: 0 | P41: =E41 + J41 -> 0
A42: 0611200 | B42: 1200 | C42: 0990 | D42: Проведення (надання) додаткових психолого- педагогічних і корекційно-розвиткових занять (послуг) за рахунок субвенції з державного бюджету місцевим бюджетам на надання державної підтримки особам з особливими освітніми потребами | E42: 44700 | F42: 44700 | G42: 36642 | H42: 0 | I42: 0 | J42: 0 | K42: 0 | L42: 0 | M42: 0 | N42: 0 | O42: 0 | P42: =E42 + J42 -> 44700
A43: 0611600 | B43: 1600 | C43: 0990 | D43: Здійснення доплат педагогічним працівникам закладів загальної середньої освіти за рахунок субвенції з державного бюджету місцевим бюджетам | E43: 4840500 | F43: 4840500 | G43: 3967620 | H43: 0 | I43: 0 | J43: 0 | K43: 0 | L43: 0 | M43: 0 | N43: 0 | O43: 0 | P43: =E43 + J43 -> 4840500
A44: 0613134 | B44: 3134 | C44: 1040 | D44: Здійснення заходів та реалізація проектів на виконання програм у сфері утвердження української національної та громадянської ідентичності | E44: 190000 | F44: 190000 | G44: 0 | H44: 0 | I44: 0 | J44: 0 | K44: 0 | L44: 0 | M44: 0 | N44: 0 | O44: 0 | P44: =E44 + J44 -> 190000
A45: 0800000 | D45: Управління соціального захисту населення Курахівської міської ради | E45: 129047624 | F45: 128311341 | G45: 19335893 | H45: 0 | I45: 736283 | J45: 0 | K45: 0 | L45: 0 | M45: 0 | N45: 0 | O45: 0 | P45: =E45 + J45 -> 129047624
A46: 0810000 | D46: Управління соціального захисту населення Курахівської міської ради | E46: 116552939 | F46: 116112767 | G46: 9679244 | H46: 0 | I46: 440172 | J46: 0 | K46: 0 | L46: 0 | M46: 0 | N46: 0 | O46: 0 | P46: =E46 + J46 -> 116552939
A47: 0810160 | B47: 0160 | C47: 0111 | D47: Керівництво і управління у відповідній сфері у містах (місті Києві), селищах, селах, територіальних громадах | E47: 12233799 | F47: 11793627 | G47: 9679244 | H47: 0 | I47: 440172 | J47: 0 | K47: 0 | L47: 0 | M47: 0 | N47: 0 | O47: 0 | P47: =E47 + J47 -> 12233799
A48: 0813114 | B48: 3114 | C48: 1040 | D48: Забезпечення умов для догляду та виховання дітей і молоді в дитячих будинках сімейного типу, прийомних сім`ях та сім`ях патронатних вихователів | E48: 150000 | F48: 150000 | G48: 0 | H48: 0 | I48: 0 | J48: 0 | K48: 0 | L48: 0 | M48: 0 | N48: 0 | O48: 0 | P48: =E48 + J48 -> 150000
A49: 0813140 | B49: 3140 | C49: 1040 | D49: Оздоровлення та відпочинок дітей (крім заходів з оздоровлення дітей, що здійснюються за рахунок коштів на оздоровлення громадян, які постраждали внаслідок Чорнобильської катастрофи) | E49: 3716808 | F49: 3716808 | G49: 0 | H49: 0 | I49: 0 | J49: 0 | K49: 0 | L49: 0 | M49: 0 | N49: 0 | O49: 0 | P49: =E49 + J49 -> 3716808
A50: 0813171 | B50: 3171 | C50: 1010 | D50: Компенсаційні виплати особам з інвалідністю на бензин, ремонт, технічне обслуговування автомобілів, мотоколясок і на транспортне обслуговування | E50: 14532 | F50: 14532 | G50: 0 | H50: 0 | I50: 0 | J50: 0 | K50: 0 | L50: 0 | M50: 0 | N50: 0 | O50: 0 | P50: =E50 + J50 -> 14532
A51: 0813191 | B51: 3191 | C51: 1030 | D51: Інші видатки на соціальний захист ветеранів війни та праці | E51: 7930000 | F51: 7930000 | G51: 0 | H51: 0 | I51: 0 | J51: 0 | K51: 0 | L51: 0 | M51: 0 | N51: 0 | O51: 0 | P51: =E51 + J51 -> 7930000
A52: 0813242 | B52: 3242 | C52: 1090 | D52: Інші заходи та заклади у сфері соціального захисту і соціального забезпечення | E52: 92507800 | F52: 92507800 | G52: 0 | H52: 0 | I52: 0 | J52: 0 | K52: 0 | L52: 0 | M52: 0 | N52: 0 | O52: 0 | P52: =E52 + J52 -> 92507800
A53: 0820000 | D53: Управління соціального захисту населення Курахівської міської ради | E53: 12494685 | F53: 12198574 | G53: 9656649 | H53: 0 | I53: 296111 | J53: 0 | K53: 0 | L53: 0 | M53: 0 | N53: 0 | O53: 0 | P53: =E53 + J53 -> 12494685
A54: 0823105 | B54: 3105 | C54: 1010 | D54: Надання реабілітаційних послуг особам з інвалідністю та дітям з інвалідністю | E54: 2374615 | F54: 2293297 | G54: 1868932 | H54: 0 | I54: 81318 | J54: 0 | K54: 0 | L54: 0 | M54: 0 | N54: 0 | O54: 0 | P54: =E54 + J54 -> 2374615
A55: 0823121 | B55: 3121 | C55: 1040 | D55: Здійснення соціальної роботи та надання соціальних послуг центрами соціальних служб та центрами надання соціальних послуг особам/сім`ям, які належать до вразливих груп населення та/або перебувають у складних життєвих обставинах | E55: 9820708 | F55: 9605915 | G55: 7787717 | H55: 0 | I55: 214793 | J55: 0 | K55: 0 | L55: 0 | M55: 0 | N55: 0 | O55: 0 | P55: =E55 + J55 -> 9820708
A56: 0823242 | B56: 3242 | C56: 1090 | D56: Інші заходи та заклади у сфері соціального захисту і соціального забезпечення | E56: 299362 | F56: 299362 | G56: 0 | H56: 0 | I56: 0 | J56: 0 | K56: 0 | L56: 0 | M56: 0 | N56: 0 | O56: 0 | P56: =E56 + J56 -> 299362
A57: 0900000 | D57: Служба у справах дітей виконавчого комітету Курахівської міської ради | E57: 3516973 | F57: 3516973 | G57: 2851150 | H57: 0 | I57: 0 | J57: 0 | K57: 0 | L57: 0 | M57: 0 | N57: 0 | O57: 0 | P57: =E57 + J57 -> 3516973
A58: 0910000 | D58: Служба у справах дітей виконавчого комітету Курахівської міської ради | E58: 3516973 | F58: 3516973 | G58: 2851150 | H58: 0 | I58: 0 | J58: 0 | K58: 0 | L58: 0 | M58: 0 | N58: 0 | O58: 0 | P58: =E58 + J58 -> 3516973
A59: 0910160 | B59: 0160 | C59: 0111 | D59: Керівництво і управління у відповідній сфері у містах (місті Києві), селищах, селах, територіальних громадах | E59: 3516973 | F59: 3516973 | G59: 2851150 | H59: 0 | I59: 0 | J59: 0 | K59: 0 | L59: 0 | M59: 0 | N59: 0 | O59: 0 | P59: =E59 + J59 -> 3516973
A60: 1000000 | D60: Управління культури, молоді, спорту, туризму та інформаційної діяльності Курахівської міської ради | E60: 25681189 | F60: 25606889 | G60: 18497587 | H60: 97495 | I60: 74300 | J60: 157000 | K60: 0 | L60: 157000 | M60: 0 | N60: 0 | O60: 0 | P60: =E60 + J60 -> 25838189
A61: 1010000 | D61: Управління культури, молоді, спорту, туризму та інформаційної діяльності Курахівської міської ради | E61: 12484599 | F61: 12410299 | G61: 8533137 | H61: 97495 | I61: 74300 | J61: 0 | K61: 0 | L61: 0 | M61: 0 | N61: 0 | O61: 0 | P61: =E61 + J61 -> 12484599
A62: 1010160 | B62: 0160 | C62: 0111 | D62: Керівництво і управління у відповідній сфері у містах (місті Києві), селищах, селах, територіальних громадах | E62: 5699483 | F62: 5699483 | G62: 4478010 | H62: 0 | I62: 0 | J62: 0 | K62: 0 | L62: 0 | M62: 0 | N62: 0 | O62: 0 | P62: =E62 + J62 -> 5699483
A63: 1011142 | B63: 1142 | C63: 0990 | D63: Інші програми та заходи у сфері освіти | E63: 10000 | F63: 10000 | G63: 0 | H63: 0 | I63: 0 | J63: 0 | K63: 0 | L63: 0 | M63: 0 | N63: 0 | O63: 0 | P63: =E63 + J63 -> 10000
A64: 1013131 | B64: 3131 | C64: 1040 | D64: Здійснення заходів та реалізація проектів на виконання Державної цільової соціальної програми `Молодь України` | E64: 220000 | F64: 220000 | G64: 0 | H64: 0 | I64: 0 | J64: 0 | K64: 0 | L64: 0 | M64: 0 | N64: 0 | O64: 0 | P64: =E64 + J64 -> 220000
A65: 1013134 | B65: 3134 | C65: 1040 | D65: Здійснення заходів та реалізація проектів на виконання програм у сфері утвердження української національної та громадянської ідентичності | E65: 723000 | F65: 723000 | G65: 0 | H65: 0 | I65: 0 | J65: 0 | K65: 0 | L65: 0 | M65: 0 | N65: 0 | O65: 0 | P65: =E65 + J65 -> 723000
A66: 1013191 | B66: 3191 | C66: 1030 | D66: Інші видатки на соціальний захист ветеранів війни та праці | E66: 210000 | F66: 210000 | G66: 0 | H66: 0 | I66: 0 | J66: 0 | K66: 0 | L66: 0 | M66: 0 | N66: 0 | O66: 0 | P66: =E66 + J66 -> 210000
A67: 1014030 | B67: 4030 | C67: 0824 | D67: Забезпечення діяльності бібліотек | E67: 1893232 | F67: 1863232 | G67: 1514534 | H67: 0 | I67: 30000 | J67: 0 | K67: 0 | L67: 0 | M67: 0 | N67: 0 | O67: 0 | P67: =E67 + J67 -> 1893232
A68: 1014060 | B68: 4060 | C68: 0828 | D68: Забезпечення діяльності палаців i будинків культури, клубів, центрів дозвілля та iнших клубних закладів | E68: 3587084 | F68: 3542784 | G68: 2540593 | H68: 97495 | I68: 44300 | J68: 0 | K68: 0 | L68: 0 | M68: 0 | N68: 0 | O68: 0 | P68: =E68 + J68 -> 3587084
A69: 1014082 | B69: 4082 | C69: 0829 | D69: Інші заходи в галузі культури і мистецтва | E69: 141800 | F69: 141800 | G69: 0 | H69: 0 | I69: 0 | J69: 0 | K69: 0 | L69: 0 | M69: 0 | N69: 0 | O69: 0 | P69: =E69 + J69 -> 141800
A70: 1020000 | D70: Управління культури, молоді, спорту, туризму та інформаційної діяльності Курахівської міської ради | E70: 13196590 | F70: 13196590 | G70: 9964450 | H70: 0 | I70: 0 | J70: 157000 | K70: 0 | L70: 157000 | M70: 0 | N70: 0 | O70: 0 | P70: =E70 + J70 -> 13353590
A71: 1021080 | B71: 1080 | C71: 0960 | D71: Надання спеціалізованої освіти мистецькими школами | E71: 7152902 | F71: 7152902 | G71: 5726039 | H71: 0 | I71: 0 | J71: 157000 | K71: 0 | L71: 157000 | M71: 0 | N71: 0 | O71: 0 | P71: =E71 + J71 -> 7309902
A72: 1021142 | B72: 1142 | C72: 0990 | D72: Інші програми та заходи у сфері освіти | E72: 25000 | F72: 25000 | G72: 0 | H72: 0 | I72: 0 | J72: 0 | K72: 0 | L72: 0 | M72: 0 | N72: 0 | O72: 0 | P72: =E72 + J72 -> 25000
A73: 1025031 | B73: 5031 | C73: 0810 | D73: Розвиток здібностей у дітей та молоді з фізичної культури та спорту комунальними дитячо- юнацькими спортивними школами | E73: 3909120 | F73: 3909120 | G73: 2644175 | H73: 0 | I73: 0 | J73: 0 | K73: 0 | L73: 0 | M73: 0 | N73: 0 | O73: 0 | P73: =E73 + J73 -> 3909120
A74: 1025061 | B74: 5061 | C74: 0810 | D74: Забезпечення діяльності місцевих центрів фізичного здоров’я населення та проведення фізкультурно-масових заходів серед населення регіону | E74: 1979968 | F74: 1979968 | G74: 1594236 | H74: 0 | I74: 0 | J74: 0 | K74: 0 | L74: 0 | M74: 0 | N74: 0 | O74: 0 | P74: =E74 + J74 -> 1979968
A75: 1025062 | B75: 5062 | C75: 0810 | D75: Підтримка спорту вищих досягнень та організацій, які здійснюють фізкультурно-спортивну діяльність в регіоні | E75: 129600 | F75: 129600 | G75: 0 | H75: 0 | I75: 0 | J75: 0 | K75: 0 | L75: 0 | M75: 0 | N75: 0 | O75: 0 | P75: =E75 + J75 -> 129600
A76: 3700000 | D76: Фінансове управління Курахівської міської ради | E76: 51290271 | F76: 38455271 | G76: 4945135 | H76: 0 | I76: 12835000 | J76: 0 | K76: 0 | L76: 0 | M76: 0 | N76: 0 | O76: 0 | P76: =E76 + J76 -> 51290271
A77: 3710000 | D77: Фінансове управління Курахівської міської ради | E77: 51290271 | F77: 38455271 | G77: 4945135 | H77: 0 | I77: 12835000 | J77: 0 | K77: 0 | L77: 0 | M77: 0 | N77: 0 | O77: 0 | P77: =E77 + J77 -> 51290271
A78: 3710160 | B78: 0160 | C78: 0111 | D78: Керівництво і управління у відповідній сфері у містах (місті Києві), селищах, селах, територіальних громадах | E78: 6136840 | F78: 6086840 | G78: 4945135 | H78: 0 | I78: 50000 | J78: 0 | K78: 0 | L78: 0 | M78: 0 | N78: 0 | O78: 0 | P78: =E78 + J78 -> 6136840
A79: 3719150 | B79: 9150 | C79: 0180 | D79: Інші дотації з місцевого бюджету | E79: 21124900 | F79: 21124900 | G79: 0 | H79: 0 | I79: 0 | J79: 0 | K79: 0 | L79: 0 | M79: 0 | N79: 0 | O79: 0 | P79: =E79 + J79 -> 21124900
A80: 3719770 | B80: 9770 | C80: 0180 | D80: Інші субвенції з місцевого бюджету | E80: 18531 | F80: 18531 | G80: 0 | H80: 0 | I80: 0 | J80: 0 | K80: 0 | L80: 0 | M80: 0 | N80: 0 | O80: 0 | P80: =E80 + J80 -> 18531
A81: 3719800 | B81: 9800 | C81: 0180 | D81: Субвенція з місцевого бюджету державному бюджету на виконання програм соціально-економічного розвитку регіонів | E81: 24010000 | F81: 11225000 | G81: 0 | H81: 0 | I81: 12785000 | J81: 0 | K81: 0 | L81: 0 | M81: 0 | N81: 0 | O81: 0 | P81: =E81 + J81 -> 24010000
A82: 5000000 | D82: Курахівська міська військова адміністрація Покровського району Донецької області | E82: 4710304 | F82: 4710304 | G82: 3802845 | H82: 0 | I82: 0 | J82: 0 | K82: 0 | L82: 0 | M82: 0 | N82: 0 | O82: 0 | P82: =E82 + J82 -> 4710304
A83: 5010000 | D83: Курахівська міська військова адміністрація Покровського району Донецької області | E83: 4710304 | F83: 4710304 | G83: 3802845 | H83: 0 | I83: 0 | J83: 0 | K83: 0 | L83: 0 | M83: 0 | N83: 0 | O83: 0 | P83: =E83 + J83 -> 4710304
A84: 5010160 | B84: 0160 | C84: 0111 | D84: Керівництво і управління у відповідній сфері у містах (місті Києві), селищах, селах, територіальних громадах | E84: 4710304 | F84: 4710304 | G84: 3802845 | H84: 0 | I84: 0 | J84: 0 | K84: 0 | L84: 0 | M84: 0 | N84: 0 | O84: 0 | P84: =E84 + J84 -> 4710304
A85: X | B85: X | C85: X | D85: УСЬОГО | E85: 503029100 | F85: 473386768 | G85: 159973423 | H85: 2637242 | I85: 29642332 | J85: 157000 | K85: 0 | L85: 157000 | M85: 0 | N85: 0 | O85: 0 | P85: =E85 + J85 -> 503186100
A93: Начальник бюджетного відділу - заступник начальника Фінансового управління | N93: Олександра ВЕЛИЧКО

Sheet Расходы 
N1: Додаток 3
N2: до розпорядження начальника
N3: міської військової адміністрації
N4: від __________ № _________
N6: від ______________ № ___________
N7: (в редакції розпорядження начальника
N8: Курахівської міської військової адміністрації
N9: від ____________ № ___________)
N10: від 11.11.2022 № 147-р/МВА)
H11: Розподіл видатків місцевого бюджету на 2026 рік
H12: 0552500000
H13: (код бюджету)
R14: (грн.)
A15: Код Програмної класифікації видатків та кредитування місцевого бюджету | B15: Код Типової програмної класифікації видатків та кредитування місцевого бюджету | C15: Код Функціональної класифікації видатків та кредитування бюджету | D15: Найменування головного розпорядника коштів місцевого бюджету/відповідального виконавця, найменування бюджетної програми згідно з Типовою програмною класифікацією видатків та кредитування місцевого бюджету | E15: Загальний фонд | K15: Спеціальний фонд | R15: Разом
E16: усього | F16: видатки споживання | G16: з них | J16: видатки розвитку | K16: усього | L16: у тому числі бюджет розвитку | M16: видатки споживання | N16: з них | P16: видатки розвитку | Q16: з них
G17: оплата праці | H17: комунальні послуги та енергоносії | N17: оплата праці | O17: комунальні послуги та енергоносії | Q17: капітальні видатки за рахунок коштів, що передаються із загального фонду
I18: інші видатки
A19: 1 | B19: 2 | C19: 3 | D19: 4 | E19: 5 | F19: 6 | G19: 7 | H19: 8 | J19: 9 | K19: 10 | L19: 11 | M19: 12 | N19: 13 | O19: 14 | P19: 15 | R19: 16
A20: 0100000 | D20: Курахівська міська рада | E20: =E21 -> 191054749 | F20: =F21 -> 175058000 | G20: =G21 -> 32138232 | H20: =H21 -> 2539747 | I20: =I21 -> 0 | J20: =J21 -> 15996749 | K20: =K21 -> 0 | L20: =L21 -> 0 | ... Q20: =Q21 -> 22435210 | R20: =SUM(E20,K20) -> 191054749
A21: 0110000 | D21: Курахівська міська рада | E21: =SUM(E22:E86) -> 191054749 | F21: =SUM(F22:F86) -> 175058000 | G21: =SUM(G22:G86) -> 32138232 | H21: =SUM(H22:H86) -> 2539747 | I21: =SUM(I22:I86) -> 0 | J21: =SUM(J22:J86) -> 15996749 | K21: =SUM(K22:K86) -> 0 | L21: =SUM(L22:L86) -> 0 | ... Q21: =SUM(Q22:Q86) -> 22435210 | R21: =SUM(E21,K21) -> 191054749
R22: =SUM(E22,K22) -> 0
A23: 0110150 | B23: 0150 | C23: 0111 | D23: Організаційне, інформаційно-аналітичне та матеріально-технічне забезпечення діяльності міської ради | E23: =38440511+985937+91061+193062+204832+99000+99000+499800 -> 40613203 | F23: =E23-J23 -> 39627266 | G23: 27782324 | H23: =168349+8115+640266+693823+1440+193062+105832 -> 1810887 | J23: =985937 -> 985937 | R23: =SUM(E23,K23) -> 40613203
A24: 0110180 | B24: 0180 | C24: 0133 | D24: Інша діяльність у сфері державного управління | E24: =85715+69600 -> 155315 | F24: =E24 -> 155315 | Q24: 10134410 | R24: =SUM(E24,K24) -> 155315
F25: =E25 -> 0 | R25: =SUM(E25,K25) -> 0
F26: =E26 -> 0 | R26: =SUM(E26,K26) -> 0
F27: =E27 -> 0 | R27: =SUM(E27,K27) -> 0
F28: =E28 -> 0 | R28: =SUM(E28,K28) -> 0
B29: 2111 | C29: 0726 | D29: Первинна медична допомога населенню, що надається центрами первинної медичної (медико-санітарної) допомоги | F29: =E29 -> 0 | R29: =SUM(E29,K29) -> 0
B30: 2111 | C30: 0726 | D30: Первинна медична допомога населенню, що надається центрами первинної медичної (медико-санітарної) допомоги | F30: =E30 -> 0 | R30: =SUM(E30,K30) -> 0
B31: 2111 | C31: 0726 | D31: Первинна медична допомога населенню, що надається центрами первинної медичної (медико-санітарної) допомоги | F31: =E31 -> 0 | R31: =SUM(E31,K31) -> 0
B32: 2144 | C32: 0763 | D32: Централізовані заходи з лікування хворих на цукровий та нецукровий діабет | F32: =E32 -> 0 | R32: =SUM(E32,K32) -> 0
B33: 2152 | C33: 0763 | D33: Інші програми та заходи у сфері охорони здоров'я | F33: =E33 -> 0 | R33: =SUM(E33,K33) -> 0
B34: 2152 | C34: 0763 | D34: Інші програми та заходи у сфері охорони здоров'я | F34: =E34 -> 0 | R34: =SUM(E34,K34) -> 0
B35: 2152 | C35: 0763 | D35: Інші програми та заходи у сфері охорони здоров'я | F35: =E35 -> 0 | R35: =SUM(E35,K35) -> 0
B36: 2152 | C36: 0763 | D36: Інші програми та заходи у сфері охорони здоров'я | F36: =E36 -> 0 | R36: =SUM(E36,K36) -> 0
A37: 0113114 | B37: 3114 | C37: 1040 | D37: Забезпечення умов для догляду та виховання дітей і молоді в дитячих будинках сімейного типу, прийомних сім’ях та сім’ях патронатних вихователів | E37: =2028+347259 -> 349287 | F37: =E37-J37 -> 53094 | J37: 296193 | R37: =SUM(E37,K37) -> 349287
B38: 3124 | C38: 1040 | D38: Створення та забезпечення діяльності спеціалізованих служб підтримки осіб, які постраждали від домашнього насильства та/або насильства за ознакою статі | F38: =E38 -> 0 | R38: =SUM(E38,K38) -> 0
B39: 3192 | C39: 1030 | D39: Надання фінансової підтримки громадським об'єднанням ветеранів і осіб з інвалідністю, діяльність яких має соціальну спрямованість | F39: =E39 -> 0 | R39: =SUM(E39,K39) -> 0
F40: =E40 -> 0 | R40: =SUM(E40,K40) -> 0
A41: 0113242 | B41: 3242 | C41: 1090 | D41: Інші заходи у сфері соціального захисту і соціального забезпечення | F41: =E41 -> 0 | Q41: 500000 | R41: =SUM(E41,K41) -> 0
A42: 0116011 | B42: 6011 | C42: 0610 | D42: Експлуатація та технічне обслуговування житлового фонду | F42: =E42 -> 0 | R42: =SUM(E42,K42) -> 0
B43: 6011 | C43: 0620 | D43: Експлуатація та технічне обслуговування житлового фонду | F43: =E43 -> 0 | R43: =SUM(E43,K43) -> 0
A44: 0116012 | B44: 6012 | C44: 0620 | D44: Забезпечення діяльності з виробництва, транспортування, постачання теплової енергії | F44: =E44 -> 0 | R44: =SUM(E44,K44) -> 0
A45: 0116013 | B45: 6013 | C45: 0620 | D45: Забезпечення діяльності водопровідно-каналізаційного господарства | F45: =E45 -> 0 | R45: =SUM(E45,K45) -> 0
A46: 0116020 | B46: 6020 | C46: 0620 | D46: Забезпечення функціонування підприємств, установ та організацій, що виробляють, виконують та/або надають житлово-комунальні послуги | F46: =E46 -> 0 | R46: =SUM(E46,K46) -> 0
A47: 0116030 | B47: 6030 | C47: 0620 | D47: Організація благоустрою населених пунктів | F47: =E47 -> 0 | R47: =SUM(E47,K47) -> 0
B48: 6030 | C48: 0620 | D48: Організація благоустрою населених пунктів | F48: =E48 -> 0 | R48: =SUM(E48,K48) -> 0
A49: 0116082 | B49: 6082 | C49: 0610 | D49: Придбання житла для окремих категорій населення відповідно до законодавства | F49: =E49 -> 0 | Q49: 600000 | R49: =SUM(E49,K49) -> 0
B50: 6083 | C50: 0610 | D50: Проектні, будівельно-ремонтні роботи, придбання житла та приміщень для розвитку сімейних та інших форм виховання, наближених до сімейних, та забезпечення житлом дітей-сиріт, дітей, позбавлених батьківського піклування, осіб з їх числа | F50: =E50 -> 0 | R50: =SUM(E50,K50) -> 0
A51: 0117130 | B51: 7130 | C51: 0421 | D51: Здійснення заходів із землеустрою | F51: =E51 -> 0 | R51: =SUM(E51,K51) -> 0
B52: 7210 | C52: 0432 | D52: Організація експлуатації газового господарства | F52: =E52 -> 0 | R52: =SUM(E52,K52) -> 0
B53: 7310 | C53: 0443 | D53: Будівництво1 об'єктів житловл-комунального господарства | F53: =E53 -> 0 | R53: =SUM(E53,K53) -> 0
B54: 7321 | C54: 0443 | D54: Будівництво1 освітніх установ та закладів | F54: =E54 -> 0 | R54: =SUM(E54,K54) -> 0
B55: 7322 | C55: 0443 | D55: Будівництво1 медичних установ та закладів | F55: =E55 -> 0 | R55: =SUM(E55,K55) -> 0
B56: 7324 | C56: 0443 | D56: Будівництво1 установ та закладів культури | F56: =E56 -> 0 | R56: =SUM(E56,K56) -> 0
A57: 0117325 | B57: 7325 | C57: 0443 | D57: Будівництво1 споруд, установ та закладів фізичної культури і спорту | F57: =E57 -> 0 | Q57: 6131000 | R57: =SUM(E57,K57) -> 0
B58: 7330 | C58: 0443 | D58: Будівництво1 інших об'єктів комунальної власності | F58: =E58 -> 0 | R58: =SUM(E58,K58) -> 0
A59: 0117350 | B59: 7350 | C59: 0443 | D59: Розроблення схем планування та забудови територій (містобудівної документації) | F59: =E59 -> 0 | R59: =SUM(E59,K59) -> 0
A60: 0117363 | B60: 7363 | C60: 0490 | D60: Виконання інвестиційних проектів в рамках здійснення заходів щодо соціально-економічного розвитку окремих територій | F60: =E60 -> 0 | R60: =SUM(E60,K60) -> 0
A61: 0117370 | B61: 7370 | C61: 0490 | D61: Реалізація інших заходів щодо соціально-економічного розвитку територій | E61: =-319180+174329088-287477+10049163-203062-4088058-3083525-105832-1911439-5185719-23667262-22510234-85715 -> 122930748 | F61: =E61 -> 122930748 | R61: =SUM(E61,K61) -> 122930748
B62: 7461 | C62: 0456 | D62: Утримання та розвиток автомобільних доріг та дорожньої інфраструктури за рахунок коштів місцевого бюджету | F62: =E62 -> 0 | R62: =SUM(E62,K62) -> 0
A63: 0117540 | B63: 7540 | C63: 0460 | D63: Реалізація заходів, спрямованих на підвищення доступності широкосмугового доступу до Інтернету в сільській місцевості | F63: =E63 -> 0 | R63: =SUM(E63,K63) -> 0
A64: 0117650 | B64: 7650 | C64: 0490 | D64: Проведення експертної грошової оцінки земельної ділянки чи права на неї | F64: =E64 -> 0 | R64: =SUM(E64,K64) -> 0
A65: 0117670 | B65: 7670 | C65: 0490 | D65: Внески до статутного капіталу суб'єктів господарювання | F65: =E65 -> 0 | R65: =SUM(E65,K65) -> 0
A66: 0117680 | B66: 7680 | C66: 0490 | D66: Членські внески до асоціацій органів місцевого самоврядування | F66: =E66 -> 0 | R66: =SUM(E66,K66) -> 0
A67: 0118220 | B67: 8220 | C67: 0380 | D67: Заходи та роботи з мобілізаційної підготовки місцевого значення | E67: 1289184 | F67: =E67 -> 1289184 | R67: =SUM(E67,K67) -> 1289184
A68: 0118110 | B68: 8110 | C68: 0320 | D68: Заходи із запобігання та лiквiдацiї надзвичайних ситуацiй та наслiдкiв стихійного лиха | E68: =260211+26024 -> 286235 | F68: =E68 -> 286235 | R68: =SUM(E68,K68) -> 286235
B69: 8130 | C69: 0320 | D69: Забезпечення діяльності місцевої пожежної охорони | F69: =E69 -> 0 | R69: =SUM(E69,K69) -> 0
A70: 0118240 | B70: 8240 | C70: 0380 | D70: Заходи та роботи з територіальної оборони | F70: =E70 -> 0 | R70: =SUM(E70,K70) -> 0
A71: 0118240 | B71: 8240 | C71: 0380 | D71: Заходи та роботи з територіальної оборони (за рахунок вільного залишку освітньої субвенції станом на 01.01.2022) | F71: =E71 -> 0 | R71: =SUM(E71,K71) -> 0
A72: 0118311 | B72: 8311 | C72: 0511 | D72: Охорона та раціональне використання природних ресурсів | F72: =E72 -> 0 | R72: =SUM(E72,K72) -> 0
A73: 0120180 | B73: 0180 | C73: 0133 | D73: Інша діяльність у сфері державного управління | E73: =1771938+39600 -> 1811538 | F73: =E73-J73 -> 1771938 | G73: 1330199 | H73: 24000 | J73: 39600 | R73: =SUM(E73,K73) -> 1811538
A74: 0126013 | B74: 6013 | C74: 0620 | D74: Забезпечення діяльності водопровідно-каналізаційного господарства | F74: =E74 -> 0 | Q74: 5000000 | R74: =SUM(E74,K74) -> 0
A75: 0126020 | B75: 6020 | C75: 0620 | D75: Забезпечення функціонування підприємств, установ та організацій, що виробляють, виконують та/або надають житлово-комунальні послуги | F75: =E75 -> 0 | R75: =SUM(E75,K75) -> 0
A76: 0126030 | B76: 6030 | C76: 0620 | D76: Організація благоустрою населених пунктів | F76: =E76 -> 0 | R76: =SUM(E76,K76) -> 0
A77: 0126090 | B77: 6090 | C77: 0640 | D77: Інша діяльність у сфері житлово-комунального господарства | F77: =E77 -> 0 | R77: =SUM(E77,K77) -> 0
A78: 0127693 | B78: 7693 | C78: 0490 | D78: Інші заходи, пов'язані з економічною діяльністю | E78: =22674+1487430+11284512-614423+1789673 -> 13969866 | J78: =E78 -> 13969866 | R78: =SUM(E78,K78) -> 13969866
A79: 0128110 | B79: 8110 | C79: 0320 | D79: Заходи із запобігання та лiквiдацiї надзвичайних ситуацiй та наслiдкiв стихійного лиха | E79: =614423+971352 -> 1585775 | F79: =E79 -> 1585775 | R79: =SUM(E79,K79) -> 1585775
A80: 0128742 | B80: 8742 | C80: 0620 | D80: Заходи із запобігання та ліквідації наслідків надзвичайної ситуації в каналізаційній системі за рахунок коштів резервного фонду місцевого бюджету | F80: =E80 -> 0 | R80: =SUM(E80,K80) -> 0
A81: 0132111 | B81: 2111 | C81: 0726 | D81: Первинна медична допомога населенню, що надається центрами первинної медичної (медико-санітарної) допомоги | E81: =912619+3459614+3691365 -> 8063598 | F81: =E81-J81 -> 7358445 | G81: 3025709 | H81: 704860 | J81: =474230+230923 -> 705153 | R81: =SUM(E81,K81) -> 8063598
A82: 0132152 | B82: 2152 | C82: 0763 | D82: Інші програми та заходи у сфері охорони здоров'я | F82: =E82 -> 0 | Q82: 69800 | R82: =SUM(E82,K82) -> 0
A83: 0136030 | B83: 6030 | C83: 0620 | D83: Організація благоустрою населених пунктів | F83: =E83 -> 0 | R83: =SUM(E83,K83) -> 0
A84: 0137322 | B84: 7322 | C84: 0443 | D84: Будівництво медичних установ та закладів | F84: =E84 -> 0 | R84: =SUM(E84,K84) -> 0
A85: 0146030 | B85: 6030 | C85: 0620 | D85: Організація благоустрою населених пунктів | F85: =E85 -> 0 | R85: =SUM(E85,K85) -> 0
F86: =E86 -> 0
A87: 0600000 | D87: Управління освіти Курахівської міської ради | E87: =E88 -> 97727990 | F87: =F88 -> 97727990 | G87: =G88 -> 78402581 | H87: =H88 -> 0 | I87: =I88 -> 0 | J87: =J88 -> 0 | K87: =K88 -> 0 | L87: =L88 -> 0 | ... Q87: =Q88 -> 13000000 | R87: =SUM(E87,K87) -> 97727990
A88: 0610000 | D88: Управління освіти Курахівської міської ради | E88: =SUM(E89:E107) -> 97727990 | F88: =SUM(F89:F107) -> 97727990 | G88: =SUM(G89:G112) -> 78402581 | H88: =SUM(H89:H112) -> 0 | I88: =SUM(I89:I112) -> 0 | J88: =SUM(J89:J112) -> 0 | K88: =SUM(K89:K112) -> 0 | L88: =SUM(L89:L112) -> 0 | M88: =SUM(M89:M112) -> 0 | N88: =SUM(N89:N112) -> 0 | ... R88: =SUM(R89:R112) -> 97727990
A89: 0610160 | B89: 0160 | C89: 0111 | D89: Керівництво і управління у відповідній сфері у містах (місті Києві), селищах, селах, територіальних громадах | E89: 7328777 | F89: =E89 -> 7328777 | G89: 5828653 | R89: =SUM(E89,K89) -> 7328777
A90: 0611010 | B90: 1010 | C90: 0910 | D90: Надання дошкільної освіти | E90: =571943+8775596+411484 -> 9759023 | F90: =E90 -> 9759023 | G90: =345855+7166980+337282 -> 7850117 | R90: =SUM(E90,K90) -> 9759023
A91: 0611021 | B91: 1021 | C91: 0921 | D91: Надання загальної середньої освіти закладами загальної середньої освіти за рахунок коштів місцевого бюджету | E91: =3132490+287477+1417390+54792+147060+80000+208500 -> 5327709 | F91: =E91 -> 5327709 | G91: =266477+2507549+506069+44915 -> 3325010 | R91: =SUM(E91,K91) -> 5327709
A92: 0611031 | B92: 1031 | C92: 0921 | D92: Надання загальної середньої освіти закладами загальної середньої освіти за рахунок освітньої субвенції | E92: =25934100+41853700 -> 67787800 | F92: =E92 -> 67787800 | G92: =21309900+34306311 -> 55616211 | R92: =SUM(E92,K92) -> 67787800
A93: 0611061 | B93: 1061 | C93: 0921 | D93: Надання загальної середньої освіти закладами загальної середньої освіти | F93: =E93 -> 0 | R93: =SUM(E93,K93) -> 0
A94: 0611070 | B94: 1070 | C94: 0960 | D94: Надання позашкільної освіти закладами позашкільної освіти, заходи із позашкільної роботи з дітьми | E94: =171566+877567+80764 -> 1129897 | F94: =E94 -> 1129897 | G94: =140628+719317+66200 -> 926145 | R94: =SUM(E94,K94) -> 1129897
A95: 0611120 | B95: 1120 | C95: 0950 | D95: Підвищення кваліфікації, перепідготовка кадрів закладами післядипломної освіти | E95: 44700 | F95: =E95 -> 44700 | G95: 36642 | R95: =SUM(E95,K95) -> 44700
F96: =E96 -> 0 | Q96: 6500000 | R96: =SUM(E96,K96) -> 0
A97: 0611142 | B97: 1142 | C97: 0990 | D97: Інші програми та заходи у сфері освіти | E97: =960+278960 -> 279920 | F97: =E97 -> 279920 | R97: =SUM(E97,K97) -> 279920
A98: 0611160 | B98: 1160 | C98: 0990 | D98: Забезпечення діяльності центрів професійного розвитку педагогічних працівників | E98: =194124+776488+69052 -> 1039664 | F98: =E98 -> 1039664 | G98: =159117+636466+56600 -> 852183 | R98: =SUM(E98,K98) -> 1039664
A99: 0611171 | B99: 1171 | C99: 0990 | D99: Співфінансування заходів, що реалізуються за рахунок субвенції з державного бюджету місцевим бюджетам на реалізацію програми "Спроможна школа для кращих результатів" | F99: =E99 -> 0 | R99: =SUM(E99,K99) -> 0
A100: 0611172 | B100: 1172 | C100: 0990 | D100: Виконання заходів в рамках реалізації програми "Спроможна школа для кращих результатів" за рахунок субвенції з державного бюджету місцевим бюджетам | F100: =E100 -> 0 | R100: =SUM(E100,K100) -> 0
A101: 0611181 | B101: 1181 | C101: 0990 | D101: Співфінансування заходів, що реалізуються за рахунок субвенції з державного бюджету місцевим бюджетам на забезпечення якісної, сучасної та доступної загальної середньої освіти "Нова українська школа" | F101: =E101 -> 0 | R101: =SUM(E101,K101) -> 0
...

Sheet Субвенції
D1: Додаток 5
D2: до розпорядження начальника
D3: міської військової адміністрації
D4: 24.12.2025 № 420-р/МВА
D5: (в редакції розпорядження начальника
D6: міської військової адміністрації
D7: 09.09.2026 № 220-р/МВА)
A9: Міжбюджетні трансферти на 2026 рік
B10: 0552500000
B11: (код бюджету)
B13: 1. Показники міжбюджетних трансфертів з інших бюджетів
E14: (грн)
A15: Код Класифікації доходу бюджету/Код бюджету | B15: Найменування трансферту/Найменування бюджету - надавача міжбюджетного трансферту | E15: Усього
A16: 1 | B16: 2 | E16: 3
A17: І. Трансферти до загального фонду бюджету
A18: 41020100 | B18: Базова дотація | E18: =E19 -> 0
A19: 9900000000 | B19: Державний бюджет України | E19: =Доходи!C106 -> 0
A20: 41021400 | B20: Додаткова дотація з державного бюджету місцевим бюджетам на здійснення повноважень органів місцевого самоврядування на деокупованих, тимчасово окупованих та інших територіях України, що зазнали негативного впливу у зв`язку з повномасштабною збройною агресією Російської Федерації | E20: =Доходи!C107 -> 333266700
A21: 9900000000 | B21: Державний бюджет України | E21: =E20 -> 333266700
A22: 41033900 | B22: Освітня субвенція з державного бюджету місцевим бюджетам | E22: =E23 -> 67787800
A23: 9900000000 | B23: Державний бюджет України | E23: =Доходи!C109 -> 67787800
A24: =Доходи!A110 -> 41035400 | B24: =Доходи!B110 -> Субвенція з державного бюджету місцевим бюджетам на надання державної підтримки особам з особливими освітніми потребами | E24: =Доходи!C110 -> 44700
A25: 9900000000 | B25: Державний бюджет України | E25: =E24 -> 44700
A26: =Доходи!A111 -> 41036300 | B26: =Доходи!B111 -> Субвенція з державного бюджету місцевим бюджетам на здійснення доплат педагогічним працівникам закладів загальної середньої освіти | E26: =Доходи!D111 -> 4840500
A27: 9900000000 | B27: Державний бюджет України | E27: =E26 -> 4840500
A28: 41035500 | B28: Субвенція з державного бюджету місцевим бюджетам на реалізацію заходів, спрямованих на підвищення доступності широкосмугового доступу до Інтернету в сільській місцевості | E28: =E29 -> 0
A29: 99000000000 | B29: Державний бюджет України
A30: 41035600 | B30: Субвенція з державного бюджету місцевим бюджетам на створення мережі спеціалізованих служб підтримки осіб, які постраждали від домашнього насильства та/або насильства за ознакою статі | E30: =E31 -> 0
A31: 99000000000 | B31: Державний бюджет України
A32: 41040200 | B32: Дотація з місцевого бюджету на здійснення переданих з державного бюджету видатків з утримання закладів освіти та охорони здоров'я за рахунок відповідної додаткової дотації з державного бюджету | E32: =E33 -> 883900
A33: 0510000000 | B33: Обласний бюджет Донецької області | E33: =Доходи!C113 -> 883900
A34: 41040400 | B34: Інші дотації з місцевого бюджету | E34: =Доходи!D114 -> 69093500
A35: 0510000000 | B35: Обласний бюджет Донецької області інші дотації з місцевого бюджету на здійснення заходів із соціального захисту та соціальної підтримки окремих категорій внутрішньо переміщених осіб громадами, території яких тимчасово окуповані Російською Федерацією | E35: 57680500
A36: 0510000000 | B36: Обласний бюджет Донецької області інші дотації з місцевого бюджету на здійснення заходів із надання соціальної допомоги дітям-сиротам та дітям, позбавлених батьківського піклування, громадами, території яких тимчасово окуповані Російською Федерацією | E36: 525000
A37: 0510000000 | B37: Обласний бюджет Донецької області інші дотації з місцевого бюджету на здійснення заходів із соціальної допомоги дітям з територіальних громад, території яких тимчасово окуповані Російською Федерацією, у тому числі з виплати щомісячних творчих стипендій талановитим дітям-учням мистецьких шкіл та забезпечення солодкими святковими подарунками на новорічноріздвяні заходи | E37: 1034500
A38: 0510000000 | B38: Обласний бюджет Донецької області інші дотації з місцевого бюджету на здійснення заходів з реалізації ветеранської політики громадами, території яких тимчасово окуповані Російською Федерацією | E38: 7450000
A39: 0510000000 | B39: Обласний бюджет Донецької області інші дотації з місцевого бюджету за рахунок коштів додаткової дотації з державного бюджету місцевим бюджетам відповідно до розпорядження Кабінету Міністрів України від 24.06.2026 № 618-р | E39: 2403500
A40: 41040500 | B40: Дотація з місцевого бюджету на проведення розрахунків протягом опалювального періоду за комунальні послуги та енергоносії, які споживаються установами, організаціями, підприємствами, що утримуються за рахунок відповідних місцевих бюджетів за рахунок відповідної додаткової дотації з державного бюджету
A41: 05100000000 | B41: Обласний бюджет
A42: 41051200 | B42: Субвенція з місцевого бюджету на надання державної підтримки особам з особливими освітніми потребами за рахунок відповідної субвенції з державного бюджету | E42: =E43 -> 0
A43: 05100000000 | B43: Обласний бюджет
A44: 41051400 | B44: Субвенція з місцевого бюджету на забезпечення якісної, сучасної та доступної загальної середньої освіти "Нова українська школа" за рахунок відповідної субвенції з державного бюджету | E44: =E45 -> 0
A45: 05100000000 | B45: Обласний бюджет
A46: 41051700 | B46: Субвенція з місцевого бюджету за рахунок залишку коштів субвенції на надання державної підтримки особам з особливими освітніми потребами, що утворився на початок бюджетного періоду | E46: =E47 -> 0
A47: 05100000000 | B47: Обласний бюджет
A48: 41053900 | B48: Інші субвенції з місцевого бюджету | E48: =SUM(E49:E59) -> 2841900
A49: 0510000000 | B49: Субвенція з обласного бюджету на компенсацію видатків за надання пільг на оплату житлово-комунальних послуг особам з інвалідністю по зору 1 та 2 груп, а також дітям з інвалідністю по зору
A50: 0510000000 | B50: Субвенція з обласного бюджету на виконання окремих державних програм соціального захисту населення: пільгове медичне обслуговування осіб, які постраждали внаслідок Чорнобильської катастрофи; поховання учасників бойових дій та осіб з інвалідністю внаслідок війни; компенсаційні виплати особам з інвалідністю на бензин, ремонт, технічне обслуговування автомобілів, мотоколясок і на транспортне обслуговування; встановлення телефонів особам з інвалідністю I і II груп | E50: 14532
A51: 05100000000 | B51: Субвенція з обласного бюджету на надання щомісячної допомоги здобувачам освіти закладів професійної (професійно-технічної) освіти, закладів фахової передвищої освіти, закладів вищої освіти з числа дітей-сиріт та дітей, позбавлених батьківського піклування, які перебувають на повному державному забезпеченні
A52: 0510000000 | B52: Субвенція з обласного бюджету на надання матеріальної допомоги членам сімей загиблих (померлих) Захисників та Захисниць України, у тому числі тим, які мають задеклароване/зареєстроване місце проживання (перебування) на території Донецької області та перемістилися (евакуювалися) за її межі | E52: 180000
A53: 0510000000 | B53: Субвенція з обласного бюджету на надання матеріальної допомоги постраждалим внаслідок Чорнобильської катастрофи, у тому числі тим, які мають задеклароване/зареєстроване місце проживання (перебування) на території Донецької області та перемістились (евакуювались) за її межі | E53: 84000
A54: 0510000000 | B54: Субвенція з обласного бюджету на надання щомісячної матеріальної допомоги дітям, які мають статус члена сім'ї загиблого (померлого) Захисника чи Захисниці України, військовослужбовців України, захоплених у полон, осіб, зниклих безвісти за особливих обставин під час проходження військової служби, у тому числі тим, які мають задеклароване/зареєстроване місце проживання (перебування) на території Донецької області та перемістилися (евакуювалися) за її межі | E54: 720000
A55: 0510000000 | B55: Субвенція з обласного бюджету на відшкодування вартості санаторно-курортного лікування окремих категорій ветеранів війни, визначених Законом України «Про статус ветеранів війни, гарантії їх соціального захисту», у тому числі тих, які мають задеклароване/ зареєстроване місце проживання (перебування) на території Донецької області та перемістились (евакуювались) за її межі | E55: 1020000
A56: 0510000000 | B56: Субвенція з обласного бюджету на відшкодування вартості путівки до дитячого закладу оздоровлення та відпочинку для оздоровлення або відпочинку дітей, які потребують особливої соціальної уваги та підтримки, та дітей, які виховуються в сім’ях з дітьми, у тому числі тих, які мають задеклароване/зареєстроване місце проживання (перебування) на території Донецької області та перемістились евакуювались) за її межі | E56: 823368
A57: 05100000000 | B57: Субвенція з обласного бюджету на відшкодування вартості путівки до дитячого закладу оздоровлення та відпочинку для оздоровлення дітей, які потребують особливої соціальної уваги та підтримки, та дітей, які виховуються в сім'ях з дітьми
A58: 05308200000 | B58: Бюджет Покровського району
A59: 05540000000 | B59: Бюджет Селидівської міської територіальної громади
A60: 41058800 | B60: Субвенція з місцевого бюджету на здійснення заходів щодо підтримки територій, що зазнали негативного впливу внаслідок збройного конфлікту на сході України, за рахунок відповідної субвенції з державного бюджету
A61: 05100000000 | B61: Обласний бюджет
A62: 41055000 | B62: Субвенція з місцевого бюджету на здійснення підтримки окремих закладів та заходів у системі охорони здоров`я за рахунок відповідної субвенції з державного бюджету | E62: =E63 -> 0
A63: 05100000000 | B63: Обласний бюджет
A64: ІІ. Трансферти до спеціального фонду бюджету
A65: 41053900 | B65: Інші субвенції з місцевого бюджету | E65: =E66 -> 0
A66: 05100000000 | B66: Субвенція з обласного бюджету для придбання на вторинному ринку впорядкованого для постійного проживання житла для дітей сиріт та дітей, позбавлених батьківського піклування, та осіб з їх числа
A70: Х | B70: УСЬОГО за розділами І, ІІ, у тому числі: | E70: =SUM(E71:E72) -> 478759000 | G70: =Доходи!D103-E71 -> 0
A71: Х | B71: загальний фонд | E71: =SUM(E18,E20,E22,E26,E28,E30,E32,E34,E42,E44,E46,E48,E62,E40,E60,E24) -> 478759000
A72: Х | B72: спеціальний фонд | E72: =E65 -> 0
B74: 2. Показники міжбюджетних трансфертів іншим бюджетам
E76: (грн)
A77: Код Програмної класифікації видатків та кредитування місцевого бюджету/Код бюджету | B77: Код Типової програмної класифікації видатків та кредитування місцевого бюджету | C77: Найменування трансферту/Найменування бюджету - отримувача міжбюджетного трансферту | E77: Усього
A78: 1 | B78: 2 | C78: 3 | E78: 4
A79: І. Трансферти із загального фонду бюджету
A80: 3719150 | B80: 9150 | C80: Інші дотації з місцевого бюджету | E80: =E81+E82 -> 21124900
A81: 0530820000 | B81: 9150 | C81: Районний бюджет Покровського району на забезпечення виконання районною державною адміністрацією, районною військовою адміністрацією заходу Програми економічного і соціального розвитку Покровського району на 2026 рік «Фінансування діяльності районної державної адміністрації згідно з чинним законодавством, у тому числі за рахунок трансфертів з бюджетів територіальних громад району» | E81: 1500000
A82: 0510000000 | B82: 9150 | C82: Обласний бюджет Донецької області інша дотація на здійснення заходів з оборони та захисту території області та інших невідкладних дій у період воєнного стану | E82: 19624900
A88: 3719310 | B88: 9310 | C88: Субвенція з місцевого бюджету на здійснення переданих видатків у сфері освіти за рахунок коштів освітньої субвенції
A89: 05540000000 | B89: 9310 | C89: Бюджет Селидівської міської територіальної громади
A90: 3719770 | B90: 9770 | C90: Інші субвенції з місцевого бюджету | E90: =SUM(E91,E99) -> 18531
A91: 0510000000 | B91: 9770 | C91: Обласний бюджет Донецької області | E91: =E92+E94+E93 -> 0
C92: Субвенція обласному бюджету на надання фінансової підтримки КП "Компанія "Вода Донбасу" для забезпечення здійснення витрат із заробітної плати та нарахувань на неї у 2024 році
C93: Субвенція обласному бюджету на оплату комунальних послуг та енергоносіїв КНП "Курахівська міська лікарня"
C94: Субвенція обласному бюджету для надання фінансової підтримки КНП "Курахівська міська лікарня" відповідно до підпункту "д" пункту 3 частини першої статті 90 Бюджетного Кодексу України
A99: 0551600000 | B99: 9770 | C99: Бюджет Великоновосілківської селищної територіальної громади на утримання Комунальної установи "Інклюзивно-ресурсний центр" Великоновосілківської селищної ради Донецької області" для проведення комплексної психолого-педагогічної оцінки розвитку дітей, які здобувають освіту в закладах освіти Курахівської міської ради | E99: 18531
A100: 05308200000 | B100: 9770 | C100: Районний бюджет Покровського району | E100: 0
A101: 3719800 | B101: 9800 | C101: Субвенція з місцевого бюджету державному бюджету на виконання програм соціально-економічного розвитку регіонів | E101: =E102 -> 24010000
A102: 9900000000 | B102: 9800 | C102: Державний бюджет України | E102: =E103+E104+E105+E106+E107+E108+E109+E110+E111+E112 -> 24010000
C103: відділу № 14 філії державної установи «Центр пробації» в Миколаївській, Донецькій, Луганській та Херсонській областях на заправку картриджів, придбання канцелярського приладдя, веб-камер | E103: 10000
C104: ХХХХХХХХ для закупівлі безпілотних авіаційних комплексів, безпілотних літальних апаратів, FPV-дронів | E104: 1000000
C105: ХХХХХХХХ для закупівлі БпАК, безпілотних літальних апаратів, FPV-дронів | E105: 1000000
C106: ХХХХХХХХХХХХХХ на придбання БПЛА та обладнання до них, засобів РЕБ та РЕР для ХХХХХХХХХХХХХХХХХХХХХХ, пально-мастильних матеріалів для службового транспорту, оливи моторної для транспортних засобів ХХХХХХХХХХХХХХХХХХХХХХ, проведення поточного ремонту транспортних засобів ХХХХХХХХХХХХХХХХХХХХХХХХХХ; придбання портативних пристроїв, призначених для фізичного перехоплення та знерухомлення ворожих дронів Сіткомети; детекторів дронів, наземних роботизованих комплексів (НРК) та комплектуючих до них, БПЛА та комплектуючих до них, зарядних станцій, виносних антен і підсилювачів та комплектуючих до них, систем супутникового зв'язку Starlink, засобів РЕБ (РЕР) та комплектуючих до них, засоби ППО та комплектуючі до них для ХХХХХХХХХХХХХХХХХХХХХХХХХХХ | E106: =1500000+3000000+265000+4735000 -> 9500000
C107: ХХХХХХХХ для закупівлі безпілотних авіаційних комплексів (БпАК), безпілотних літальних апаратів (БпЛА), наземних роботизованих комплексів (НРК) та комплектуючих до них | E107: 1500000
C108: ХХХХХХХХХХ для закупівлі розвідувальних та ударних БпЛА, БпАК різних типів та комплектуючих до них, FPV-дронів, наземних станцій (модулів) керування БпЛА, антен, матч (щогл) коаксіального кабелю, зарядних пристроїв для FPV, АКБ, до БпЛА | E108: 2000000
C109: ХХХХХХХХ для закупівлі безпілотних авіаційних комплексів (БпАК), безпілотних літальних апаратів (БпЛА), наземних роботизованих комплексів (НРК) та комплектуючих до них | E109: 5000000
C110: ХХХХХХХХХХХХХХХХХХХХХХХХХХХХХХХ для придбання безпілотних літальних апаратів (квадрокоптерів, FPV-дронів) засобів радіоелектронної боротьби та їх складових частин, спеціальних технічних засобів, обладнання та інше військове майно | E110: 1000000
C111: ХХХХХХХХХ для закупівлі БпАК, безпілотних літальних апаратів, FPV-дронів для ураження живої сили та техніки противника, засобів радіолокаційної розвідки | E111: 2000000
C112: ХХХХХХХХХХ для закупівлі наземних роботизованих комплексів (дистанційних керованих платформ) та їх складових частин | E112: 1000000
A115: ІІ. Трансферти із спеціального фонду бюджету
A116: 3719770 | B116: 9770 | C116: Інші субвенції з місцевого бюджету | E116: =E117 -> 0
A117: 05100000000 | B117: 9770 | C117: Обласний бюджет Донецької області
A118: 3719800 | B118: 9800 | C118: Субвенція з місцевого бюджету державному бюджету на виконання програм соціально-економічного розвитку територій | E118: =E121 -> 0
...

Sheet бюджет развития
G1: Додаток 5
G2: до рішення Курахівської міської ради
G3: від 24.12.2021 № VIІI/25-13
G4: від ______________ № ___________
G5: (в редакції розпорядження начальника
G6: Курахівської міської військової адміністрації
G7: від ____________ № ___________)
G8: від 04.08.2022 № 23-р/МВА)
E9: ОБСЯГИ
E10: капітальних вкладень бюджету у розрізі інвестиційних проектів у 2022 році
A11: 0552500000
A12: (код бюджету)
A13: Код Програмної класифікації видатків та кредитування місцевого бюджету | B13: Код Типової програмної класифікації видатків та кредитування місцевого бюджету | C13: Код Функціональної класифікації видатків та кредитування бюджету | D13: Найменування головного розпорядника коштів місцевого бюджету/відповідального виконавця, найменування бюджетної програми згідно з Типовою програмною класифікацією видатків та кредитування місцевого бюджету | E13: Найменування інвестиційного проекту | F13: Загальний період реалізації проекту, (рік початку і завершення) | G13: Загальна вартість проекту, гривень | H13: Обсяг капітальних вкладень місцевого бюджету всього, гривень | I13: Обсяг капітальних вкладень місцевого бюджету у 2022 році, гривень | J13: Очікуваний рівень готовності проекту на кінець 2022 року, %
A14: 1 | B14: 2 | C14: 3 | D14: 4 | E14: 5 | F14: 6 | G14: 7 | H14: 8 | I14: 9 | J14: 10
A15: 0117325 | B15: 7325 | C15: 0443 | D15: Будівництво1 споруд, установ та закладів фізичної культури і спорту | E15: Проект реконструкції стадіону | F15: 2022 | J15: 100
A16: 0117325 | B16: 7325 | C16: 0443 | D16: Будівництво1 споруд, установ та закладів фізичної культури і спорту | E16: Будівництво футбольного поля зі штучним покриттям по вул. Мечникова в м. Курахове Покровського району Донецької області | F16: 2019-2022 | J16: 100
A17: 0117363 | B17: 7363 | C17: 0490 | D17: Виконання інвестиційних проектів в рамках здійснення заходів щодо соціально-економічного розвитку окремих територій | E17: Будівництво футбольного поля зі штучним покриттям по вул. Мечникова в м. Курахове Покровського району Донецької області | F17: 2019-2022 | J17: 100
A20: 0137322 | B20: 7322 | C20: 0443 | D20: Будівництво 1 медичних установ та закладів | E20: Виготовлення проєктно-кошторисної документації та проведення експертизи на проведення робіт з реконструкції будівлі дитячої консультації, за адресою: Донецька область, Покровський район, м. Гірник, вул. Свободи, 25 | F20: 2022 | I20: 0 | J20: 100
A21: 0617321 | B21: 7321 | C21: 0443 | D21: Будівництво1 освітніх установ та закладів | E21: Реконструкція приміщень закладу загальної середньої освіти І-ІІІ ступенів № 1 Курахівської міської ради Донецької області з метою розміщення їдальні та харчоблоку за адресою: Донецька область, Покровський район, м. Курахове, вул. Пушкіна, буд. 17 | F21: 2021-2022 | I21: 0 | J21: 100
A24: 0827323 | B24: 7323 | C24: 0443 | D24: Будівництво 1 установ та закладів соціальної сфери | E24: Виготовлення проєктно-кошторисної документації та проведення експертизи на проведення робіт з реконструкції будівлі Відділення стаціонарного догляду для постійного проживання, за адресою: Донецька обл., Покровський р-н., м.Гірник, пров.Степний, буд1 | F24: 2022 | J24: 100
A29: 0617321 | B29: 7321 | C29: 0443 | D29: Будівництво1 освітніх установ та закладів | F29: 2021 | H29: 0 | J29: 100
A30: 0617321 | B30: 7321 | C30: 0443 | D30: Будівництво1 освітніх установ та закладів | F30: 2021 | H30: 0 | J30: 100
A41: х | B41: х | C41: х | D41: УСЬОГО | E41: х | F41: х | G41: =SUM(G15:G32) -> 0 | H41: =SUM(H15:H40) -> 0 | I41: =SUM(I15:I40) -> 0 | J41: х
A42: Міський голова | F42: Роман ПАДУН
A43: Секретар ради | F43: Лілія МЕДВЕДЄВА
D44: Заступник міського голови | I44: В.В.Батрак
D45: Начальник відділу | H45: Н.Є.Пужайло
D48: Начальник фінансового управління | H48: Олена КУШНЕРЕНКО
A50: Начальник Фінансового управління | F50: Олена КУШНЕРЕНКО

Sheet прогр
H1: Додаток 7
H2: до розпорядження начальника
H3: міської військової адміністрації
H4: 24.12.2025 № 420-р/МВА
H5: (в редакції розпорядження начальника
H6: міської військової адміністрації
H7: 25.08.2026 № 206-р/МВА)
A9: Розподіл витрат місцевого бюджету на реалізацію місцевих/регіональних програм у 2026 році
A11: 0552500000
A12: (код бюджету) | J12: (грн)
A13: Код Програмної класифікації видатків та кредитування місцевого бюджету | B13: Код Типової програмної класифікації видатків та кредитування місцевого бюджету | C13: Код Функціональної класифікації видатків та кредитування бюджету | D13: Найменування головного розпорядника коштів місцевого бюджету/ відповідального виконавця, найменування бюджетної програми згідно з Типовою програмною класифікацією видатків та кредитування місцевого бюджету | E13: Найменування місцевої/ регіональної програми | F13: Дата та номер документа, яким затверджено місцеву регіональну програму | G13: Усього | H13: Загальний фонд | I13: Спеціальний фонд
I14: усього | J14: у тому числі бюджет розвитку
A15: 1 | B15: 2 | C15: 3 | D15: 4 | E15: 5 | F15: 6 | G15: 7 | H15: 8 | I15: 9 | J15: 10
A16: 0100000 | D16: Курахiвська мiська рада | G16: 148474693 | H16: 148474693 | I16: 0 | J16: 0
A17: 0110000 | D17: Курахiвська мiська рада | G17: 124855454 | H17: 124855454 | I17: 0 | J17: 0
A18: 0113114 | B18: 3114 | C18: 1040 | D18: Забезпечення умов для догляду та виховання дітей і молоді в дитячих будинках сімейного типу, прийомних сім`ях та сім`ях патронатних вихователів | E18: Програма підтримки дитячого будинку сімейного типу та прийомної сім’ї Курахівської міської територіальної громади на 2026-2028 роки (зі змінами) | F18: розпорядження від 15.05.2025 № 117-р/МВА | G18: 349287 | H18: 349287 | I18: 0 | J18: 0
A19: 0117370 | B19: 7370 | C19: 0490 | D19: Реалізація інших заходів щодо соціально-економічного розвитку територій | E19: Програма економічного і соціального розвитку Курахівської міської територіальної громади на 2026 рік (зі змінами) | F19: розпорядження від 24.12.2025 № 419-р/МВА | G19: 122930748 | H19: 122930748 | I19: 0 | J19: 0
A20: 0118110 | B20: 8110 | C20: 0320 | D20: Заходи із запобігання та ліквідації надзвичайних ситуацій та наслідків стихійного лиха | E20: Програма економічного і соціального розвитку Курахівської міської територіальної громади на 2026 рік (зі змінами) | F20: розпорядження від 24.12.2025 № 419-р/МВА | G20: 286235 | H20: 286235 | I20: 0 | J20: 0
A21: 0118220 | B21: 8220 | C21: 0380 | D21: Заходи та роботи з мобілізаційної підготовки місцевого значення | E21: Програма економічного і соціального розвитку Курахівської міської територіальної громади на 2026 рік (зі змінами) | F21: розпорядження від 24.12.2025 № 419-р/МВА | G21: 1289184 | H21: 1289184 | I21: 0 | J21: 0
A22: 0120000 | D22: Курахiвська мiська рада | G22: 15555641 | H22: 15555641 | I22: 0 | J22: 0
A23: 0127693 | B23: 7693 | C23: 0490 | D23: Інші заходи, пов`язані з економічною діяльністю | E23: Програма економічного і соціального розвитку Курахівської міської територіальної громади на 2026 рік (зі змінами) | F23: розпорядження від 24.12.2025 № 419-р/МВА | G23: 1487430 | H23: 1487430 | I23: 0 | J23: 0
A24: 0127693 | B24: 7693 | C24: 0490 | D24: Інші заходи, пов`язані з економічною діяльністю | E24: 'Програма підтримки комунального підприємства «Міська служба єдиного замовника» Курахівської міської ради» на 2026-2028 роки (зі змінами) | F24: розпорядження від 24.11.2025 № 312-р/МВА | G24: 12482436 | H24: 12482436 | I24: 0 | J24: 0
A25: 0128110 | B25: 8110 | C25: 0320 | D25: Заходи із запобігання та ліквідації надзвичайних ситуацій та наслідків стихійного лиха | E25: Програма економічного і соціального розвитку Курахівської міської територіальної громади на 2026 рік (зі змінами) | F25: розпорядження від 24.12.2025 № 419-р/МВА | G25: 1585775 | H25: 1585775 | I25: 0 | J25: 0
A26: 0130000 | D26: Курахiвська мiська рада | G26: 8063598 | H26: 8063598 | I26: 0 | J26: 0
A27: 0132111 | B27: 2111 | C27: 0726 | D27: Первинна медична допомога населенню, що надається центрами первинної медичної (медико-санітарної) допомоги | E27: Програма економічного і соціального розвитку Курахівської міської територіальної громади на 2026 рік (зі змінами) | F27: розпорядження від 24.12.2025 № 419-р/МВА | G27: 912619 | H27: 912619 | I27: 0 | J27: 0
A28: 0132111 | B28: 2111 | C28: 0726 | D28: Первинна медична допомога населенню, що надається центрами первинної медичної (медико-санітарної) допомоги | E28: 'Програма підтримки закладів охорони здоров’я в Курахівській міській територіальній громаді на 2026 рік (зі змінами) | F28: розпорядження від 28.11.2025 № 323-р/МВА | G28: 7150979 | H28: 7150979 | I28: 0 | J28: 0
A29: 0600000 | D29: Управління освіти Курахівської міської ради | G29: 1885480 | H29: 1885480 | I29: 0 | J29: 0
A30: 0610000 | D30: Управління освіти Курахівської міської ради | G30: 1885480 | H30: 1885480 | I30: 0 | J30: 0
A31: 0611010 | B31: 1010 | C31: 0910 | D31: Надання дошкільної освіти | E31: Програма економічного і соціального розвитку Курахівської міської територіальної громади на 2026 рік (зі змінами) | F31: розпорядження від 24.12.2025 № 419-р/МВА | G31: 150000 | H31: 150000 | I31: 0 | J31: 0
A32: 0611021 | B32: 1021 | C32: 0921 | D32: Надання загальної середньої освіти закладами загальної середньої освіти за рахунок коштів місцевого бюджету | E32: Програма економічного і соціального розвитку Курахівської міської територіальної громади на 2026 рік (зі змінами) | F32: розпорядження від 24.12.2025 № 419-р/МВА | G32: 967060 | H32: 967060 | I32: 0 | J32: 0
A33: 0611021 | B33: 1021 | C33: 0921 | D33: Надання загальної середньої освіти закладами загальної середньої освіти за рахунок коштів місцевого бюджету | E33: Програма з утвердження української національної та громадянської ідентичності у Курахівській міській територіальній громаді на 2026-2028 роки (зі змінами) | F33: розпорядження від 26.03.2026 № 79-р/МВА | G33: 298500 | H33: 298500 | I33: 0 | J33: 0
A34: 0611142 | B34: 1142 | C34: 0990 | D34: Інші програми та заходи у сфері освіти | E34: Програма підтримки та розвитку обдарованих дітей та талановитої молоді на 2021-2027 роки (зі змінами) | F34: рішення сесії від 19.05.2021 № VІІІ/10-55 | G34: 250960 | H34: 250960 | I34: 0 | J34: 0
A35: 0611142 | B35: 1142 | C35: 0990 | D35: Інші програми та заходи у сфері освіти | E35: Програма економічного і соціального розвитку Курахівської міської територіальної громади на 2026 рік (зі змінами) | F35: розпорядження від 24.12.2025 № 419-р/МВА | G35: 28960 | H35: 28960 | I35: 0 | J35: 0
A36: 0613134 | B36: 3134 | C36: 1040 | D36: Здійснення заходів та реалізація проектів на виконання програм у сфері утвердження української національної та громадянської ідентичності | E36: Програма з утвердження української національної та громадянської ідентичності у Курахівській міській територіальній громаді на 2026-2028 роки (зі змінами) | F36: розпорядження від 26.03.2026 № 79-р/МВА | G36: 190000 | H36: 190000 | I36: 0 | J36: 0
A37: 0800000 | D37: Управління соціального захисту населення Курахівської міської ради | G37: 116813825 | H37: 116813825 | I37: 0 | J37: 0
A38: 0810000 | D38: Управління соціального захисту населення Курахівської міської ради | G38: 104319140 | H38: 104319140 | I38: 0 | J38: 0
A39: 0813114 | B39: 3114 | C39: 1040 | D39: Забезпечення умов для догляду та виховання дітей і молоді в дитячих будинках сімейного типу, прийомних сім`ях та сім`ях патронатних вихователів | E39: Програма економічного і соціального розвитку Курахівської міської територіальної громади на 2026 рік (зі змінами) | F39: розпорядження від 24.12.2025 № 419-р/МВА | G39: 150000 | H39: 150000 | I39: 0 | J39: 0
A40: 0813140 | B40: 3140 | C40: 1040 | D40: Оздоровлення та відпочинок дітей (крім заходів з оздоровлення дітей, що здійснюються за рахунок коштів на оздоровлення громадян, які постраждали внаслідок Чорнобильської катастрофи) | E40: Програма оздоровлення та відпочинку дітей Курахівської міської територіальної громади на 2026 рік (зі змінами) | F40: розпорядження від 02.03.2026 № 54-р/МВА | G40: 3716808 | H40: 3716808 | I40: 0 | J40: 0
A41: 0813171 | B41: 3171 | C41: 1010 | D41: Компенсаційні виплати особам з інвалідністю на бензин, ремонт, технічне обслуговування автомобілів, мотоколясок і на транспортне обслуговування | E41: Програма соціального захисту та підтримки мешканців Курахівської міської територіальної громади, в тому числі внутрішньо переміщених осіб, на 2026 рік (зі змінами) | F41: розпорядження від 12.02.2026 № 38-р/МВА | G41: 14532 | H41: 14532 | I41: 0 | J41: 0
A42: 0813191 | B42: 3191 | C42: 1030 | D42: Інші видатки на соціальний захист ветеранів війни та праці | E42: Програма підтримки ветеранів війни, Захисників і Захисниць України, членів їхніх сімей, членів сімей загиблих (померлих) ветеранів війни, членів сімей загиблих (померлих) Захисників і Захисниць України на 2026 рік (зі змінами) | F42: розпорядження від 12.02.2026 № 39-р/МВА | G42: 7930000 | H42: 7930000 | I42: 0 | J42: 0
A43: 0813242 | B43: 3242 | C43: 1090 | D43: Інші заходи та заклади у сфері соціального захисту і соціального забезпечення | E43: Програма економічного і соціального розвитку Курахівської міської територіальної громади на 2026 рік (зі змінами) | F43: розпорядження від 24.12.2025 № 419-р/МВА | G43: 990000 | H43: 990000 | I43: 0 | J43: 0
A44: 0813242 | B44: 3242 | C44: 1090 | D44: Інші заходи та заклади у сфері соціального захисту і соціального забезпечення | E44: Програма соціального захисту та підтримки мешканців Курахівської міської територіальної громади, в тому числі внутрішньо переміщених осіб, на 2026 рік (зі змінами) | F44: розпорядження від 12.02.2026 № 38-р/МВА | G44: 86037800 | H44: 86037800 | I44: 0 | J44: 0
A45: 0813242 | B45: 3242 | C45: 1090 | D45: Інші заходи та заклади у сфері соціального захисту і соціального забезпечення | E45: Програма підтримки ветеранів війни, Захисників і Захисниць України, членів їхніх сімей, членів сімей загиблих (померлих) ветеранів війни, членів сімей загиблих (померлих) Захисників і Захисниць України на 2026 рік (зі змінами) | F45: розпорядження від 12.02.2026 № 39-р/МВА | G45: 5480000 | H45: 5480000 | I45: 0 | J45: 0
A46: 0820000 | D46: Управління соціального захисту населення Курахівської міської ради | G46: 12494685 | H46: 12494685 | I46: 0 | J46: 0
A47: 0823105 | B47: 3105 | C47: 1010 | D47: Надання реабілітаційних послуг особам з інвалідністю та дітям з інвалідністю | E47: Програма економічного і соціального розвитку Курахівської міської територіальної громади на 2026 рік (зі змінами) | F47: розпорядження від 24.12.2025 № 419-р/МВА | G47: 2374615 | H47: 2374615 | I47: 0 | J47: 0
A48: 0823121 | B48: 3121 | C48: 1040 | D48: Здійснення соціальної роботи та надання соціальних послуг центрами соціальних служб та центрами надання соціальних послуг особам/сім`ям, які належать до вразливих груп населення та/або перебувають у складних життєвих обставинах | E48: Програма економічного і соціального розвитку Курахівської міської територіальної громади на 2026 рік (зі змінами) | F48: розпорядження від 24.12.2025 № 419-р/МВА | G48: 9820708 | H48: 9820708 | I48: 0 | J48: 0
A49: 0823242 | B49: 3242 | C49: 1090 | D49: Інші заходи та заклади у сфері соціального захисту і соціального забезпечення | E49: Програма соціального захисту та підтримки мешканців Курахівської міської територіальної громади, в тому числі внутрішньо переміщених осіб, на 2026 рік (зі змінами) | F49: розпорядження від 12.02.2026 № 38-р/МВА | G49: 299362 | H49: 299362 | I49: 0 | J49: 0
A50: 1000000 | D50: Управління культури, молоді, спорту, туризму та інформаційної діяльності Курахівської міської ради | G50: 4318068 | H50: 4318068 | I50: 0 | J50: 0
A51: 1010000 | D51: Управління культури, молоді, спорту, туризму та інформаційної діяльності Курахівської міської ради | G51: 1499000 | H51: 1499000 | I51: 0 | J51: 0
A52: 1011142 | B52: 1142 | C52: 0990 | D52: Інші програми та заходи у сфері освіти | E52: Програма економічного і соціального розвитку Курахівської міської територіальної громади на 2026 рік (зі змінами) | F52: розпорядження від 24.12.2025 № 419-р/МВА | G52: 10000 | H52: 10000 | I52: 0 | J52: 0
A53: 1013131 | B53: 3131 | C53: 1040 | D53: Здійснення заходів та реалізація проектів на виконання Державної цільової соціальної програми `Молодь України` | E53: Програма економічного і соціального розвитку Курахівської міської територіальної громади на 2026 рік (зі змінами) | F53: розпорядження від 24.12.2025 № 419-р/МВА | G53: 220000 | H53: 220000 | I53: 0 | J53: 0
A54: 1013134 | B54: 3134 | C54: 1040 | D54: Здійснення заходів та реалізація проектів на виконання програм у сфері утвердження української національної та громадянської ідентичності | E54: Програма економічного і соціального розвитку Курахівської міської територіальної громади на 2026 рік (зі змінами) | F54: розпорядження від 24.12.2025 № 419-р/МВА | G54: 197000 | H54: 197000 | I54: 0 | J54: 0
A55: 1013134 | B55: 3134 | C55: 1040 | D55: Здійснення заходів та реалізація проектів на виконання програм у сфері утвердження української національної та громадянської ідентичності | E55: Програма з утвердження української національної та громадянської ідентичності у Курахівській міській територіальній громаді на 2026-2028 роки (зі змінами) | F55: розпорядження від 26.03.2026 № 79-р/МВА | G55: 526000 | H55: 526000 | I55: 0 | J55: 0
A56: 1013191 | B56: 3191 | C56: 1030 | D56: Інші видатки на соціальний захист ветеранів війни та праці | E56: Програма підтримки ветеранів війни, Захисників і Захисниць України, членів їхніх сімей, членів сімей загиблих (померлих) ветеранів війни, членів сімей загиблих (померлих) Захисників і Захисниць України на 2026 рік (зі змінами) | F56: розпорядження від 12.02.2026 № 39-р/МВА | G56: 210000 | H56: 210000 | I56: 0 | J56: 0
A57: 1014030 | B57: 4030 | C57: 0824 | D57: Забезпечення діяльності бібліотек | E57: Програма економічного і соціального розвитку Курахівської міської територіальної громади на 2026 рік (зі змінами) | F57: розпорядження від 24.12.2025 № 419-р/МВА | G57: 30000 | H57: 30000 | I57: 0 | J57: 0
A58: 1014030 | B58: 4030 | C58: 0824 | D58: Забезпечення діяльності бібліотек | E58: Програма з утвердження української національної та громадянської ідентичності у Курахівській міській територіальній громаді на 2026-2028 роки (зі змінами) | F58: розпорядження від 26.03.2026 № 79-р/МВА | G58: 10500 | H58: 10500 | I58: 0 | J58: 0
A59: 1014060 | B59: 4060 | C59: 0828 | D59: Забезпечення діяльності палаців i будинків культури, клубів, центрів дозвілля та iнших клубних закладів | E59: Програма економічного і соціального розвитку Курахівської міської територіальної громади на 2026 рік (зі змінами) | F59: розпорядження від 24.12.2025 № 419-р/МВА | G59: 153700 | H59: 153700 | I59: 0 | J59: 0
A60: 1014082 | B60: 4082 | C60: 0829 | D60: Інші заходи в галузі культури і мистецтва | E60: Програма економічного і соціального розвитку Курахівської міської територіальної громади на 2026 рік (зі змінами) | F60: розпорядження від 24.12.2025 № 419-р/МВА | G60: 141800 | H60: 141800 | I60: 0 | J60: 0
A61: 1020000 | D61: Управління культури, молоді, спорту, туризму та інформаційної діяльності Курахівської міської ради | G61: 2819068 | H61: 2819068 | I61: 0 | J61: 0
A62: 1021080 | B62: 1080 | C62: 0960 | D62: Надання спеціалізованої освіти мистецькими школами | E62: Програма економічного і соціального розвитку Курахівської міської територіальної громади на 2026 рік (зі змінами) | F62: розпорядження від 24.12.2025 № 419-р/МВА | G62: 84500 | H62: 84500 | I62: 0 | J62: 0
A63: 1021142 | B63: 1142 | C63: 0990 | D63: Інші програми та заходи у сфері освіти | E63: Програма економічного і соціального розвитку Курахівської міської територіальної громади на 2026 рік (зі змінами) | F63: розпорядження від 24.12.2025 № 419-р/МВА | G63: 25000 | H63: 25000 | I63: 0 | J63: 0
A64: 1025031 | B64: 5031 | C64: 0810 | D64: Розвиток здібностей у дітей та молоді з фізичної культури та спорту комунальними дитячо- юнацькими спортивними школами | E64: Програма підтримки та розвитку обдарованих дітей та талановитої молоді на 2021-2027 роки (зі змінами) | F64: рішення сесії від 19.05.2021 № VІІІ/10-55 | G64: 100000 | H64: 100000 | I64: 0 | J64: 0
A65: 1025031 | B65: 5031 | C65: 0810 | D65: Розвиток здібностей у дітей та молоді з фізичної культури та спорту комунальними дитячо- юнацькими спортивними школами | E65: Програма економічного і соціального розвитку Курахівської міської територіальної громади на 2026 рік (зі змінами) | F65: розпорядження від 24.12.2025 № 419-р/МВА | G65: 500000 | H65: 500000 | I65: 0 | J65: 0
A66: 1025061 | B66: 5061 | C66: 0810 | D66: Забезпечення діяльності місцевих центрів фізичного здоров’я населення та проведення фізкультурно-масових заходів серед населення регіону | E66: Програма економічного і соціального розвитку Курахівської міської територіальної громади на 2026 рік (зі змінами) | F66: розпорядження від 24.12.2025 № 419-р/МВА | G66: 1979968 | H66: 1979968 | I66: 0 | J66: 0
A67: 1025062 | B67: 5062 | C67: 0810 | D67: Підтримка спорту вищих досягнень та організацій, які здійснюють фізкультурно-спортивну діяльність в регіоні | E67: Програма економічного і соціального розвитку Курахівської міської територіальної громади на 2026 рік (зі змінами) | F67: розпорядження від 24.12.2025 № 419-р/МВА | G67: 129600 | H67: 129600 | I67: 0 | J67: 0
A68: 3700000 | D68: Фінансове управління Курахівської міської ради | G68: 45153431 | H68: 45153431 | I68: 0 | J68: 0
A69: 3710000 | D69: Фінансове управління Курахівської міської ради | G69: 45153431 | H69: 45153431 | I69: 0 | J69: 0
A70: 3719150 | B70: 9150 | C70: 0180 | D70: Інші дотації з місцевого бюджету | E70: Програма економічного і соціального розвитку Курахівської міської територіальної громади на 2026 рік (зі змінами) | F70: розпорядження від 24.12.2025 № 419-р/МВА | G70: 21124900 | H70: 21124900 | I70: 0 | J70: 0
A71: 3719770 | B71: 9770 | C71: 0180 | D71: Інші субвенції з місцевого бюджету | E71: Програма економічного і соціального розвитку Курахівської міської територіальної громади на 2026 рік (зі змінами) | F71: розпорядження від 24.12.2025 № 419-р/МВА | G71: 18531 | H71: 18531 | I71: 0 | J71: 0
A72: 3719800 | B72: 9800 | C72: 0180 | D72: Субвенція з місцевого бюджету державному бюджету на виконання програм соціально-економічного розвитку регіонів | E72: Програма економічного і соціального розвитку Курахівської міської територіальної громади на 2026 рік (зі змінами) | F72: розпорядження від 24.12.2025 № 419-р/МВА | G72: 24010000 | H72: 24010000 | I72: 0 | J72: 0
A73: X | B73: X | C73: X | D73: УСЬОГО | E73: X | F73: X | G73: 316645497 | H73: 316645497 | I73: 0 | J73: 0
A79: Начальник Фінансового управління | G79: Олена КУШНЕРЕНКО

Sheet Програми
H1: Додаток 5
H2: до розпорядження начальника
H3: міської військової адміністрації
H4: від 22.12.2023 № 744-р/МВА
H6: від ______________ № ___________
H7: (в редакції розпорядження начальника
H8: Курахівської міської військової адміністрації
H9: від ____________ № ___________)
H10: від 11.11.2022 № 147-р/МВА)
E11: РОЗПОДІЛ
A12: витрат місцевого бюджету на реалізацію місцевих/регіональних програм у 2025 році
E14: 0552500000
E15: (код бюджету)
I16: (грн.)
A17: Код Програмної класифікації видатків та кредитування місцевого бюджету | B17: Код Типової програмної класифікації видатків та кредитування місцевого бюджету | C17: Код Функціональної класифікації видатків та кредитування бюджету | D17: Найменування головного розпорядника коштів місцевого бюджету/відповідального виконавця, найменування бюджетної програми згідно з Типовою програмною класифікацією видатків та кредитування місцевого бюджету | E17: Найменування місцевої/регіональної програми | F17: Дата і номер документа, яким затверджено місцеву/регіональну програму | G17: Усього | H17: Загальний фонд | I17: Спеціальний фонд
I18: усього | J18: у тому числі бюджет розвитку
A19: 1 | B19: 2 | C19: 3 | D19: 4 | E19: 5 | F19: 6 | G19: 7 | H19: 8 | I19: 9 | J19: 10
A20: 0110150 | B20: 0150 | C20: 0111 | D20: Організаційне, інформаційно-аналітичне та матеріально-технічне забезпечення діяльності міської ради | E20: Проект Програми економічного і соціального розвитку Курахівської міської територіальної громади на 2023 рік | G20: =H20+I20 -> 0 | I20: 0 | J20: 0
A21: ='Расходы '!A37 -> 0113114 | B21: ='Расходы '!B37 -> 3114 | C21: ='Расходы '!C37 -> 1040 | D21: ='Расходы '!D37 -> Забезпечення умов для догляду та виховання дітей і молоді в дитячих будинках сімейного типу, прийомних сім’ях та сім’ях патронатних вихователів | E21: Програма підтримки дитячого будинку сімейного типу та прийомної сім’ї Курахівської міської територіальної громади на 2026-2028 роки | F21: 15.05.2026 від 117-р/МВА | G21: =H21+I21 -> 349287 | H21: ='Расходы '!E37 -> 349287 | I21: ='Расходы '!K37 -> 0 | J21: ='Расходы '!L24 -> 0
A22: ='Расходы '!A41 -> 0113242 | B22: ='Расходы '!B41 -> 3242 | C22: ='Расходы '!C41 -> 1090 | D22: ='Расходы '!D41 -> Інші заходи у сфері соціального захисту і соціального забезпечення | E22: Програма економічного і соціального розвитку Курахівської міської територіальної громади на 2022 рік | G22: =H22+I22 -> 0 | H22: ='Расходы '!E41 -> 0 | I22: ='Расходы '!K41 -> 0 | J22: ='Расходы '!L41 -> 0
A23: ='Расходы '!A42 -> 0116011 | B23: ='Расходы '!B42 -> 6011 | C23: ='Расходы '!C42 -> 0610 | D23: ='Расходы '!D42 -> Експлуатація та технічне обслуговування житлового фонду | E23: Програма розвитку житлово-комунального господарства та благоустрою Курахівської міської територіальної громади на 2024 рік | F23: 07.12.2023 № 705-р/МВА | G23: =H23+I23 -> 0 | H23: ='Расходы '!E42 -> 0 | I23: ='Расходы '!K42 -> 0 | J23: ='Расходы '!L42 -> 0
A24: ='Расходы '!A43 -> 0 | E24: Про затвердження Програми розвитку житлово-комунального господарства та благоустрою Курахівської міської територіальної громади на 2024 рік | F24: 07.12.2023 № 705-р/МВА | G24: =H24+I24 -> 0 | H24: ='Расходы '!E43 -> 0 | I24: ='Расходы '!K43 -> 0 | J24: ='Расходы '!L43 -> 0
A25: ='Расходы '!A44 -> 0116012 | B25: ='Расходы '!B44 -> 6012 | C25: ='Расходы '!C44 -> 0620 | D25: ='Расходы '!D44 -> Забезпечення діяльності з виробництва, транспортування, постачання теплової енергії | E25: Про затвердження Програми розвитку житлово-комунального господарства та благоустрою Курахівської міської територіальної громади на 2024 рік | F25: 07.12.2023 № 705-р/МВА | G25: =H25+I25 -> 0 | H25: ='Расходы '!E44 -> 0 | I25: ='Расходы '!K44 -> 0 | J25: ='Расходы '!L44 -> 0
A26: ='Расходы '!A45 -> 0116013 | B26: ='Расходы '!B45 -> 6013 | C26: ='Расходы '!C45 -> 0620 | D26: ='Расходы '!D45 -> Забезпечення діяльності водопровідно-каналізаційного господарства | E26: Програма забезпечення життєдіяльності населення м. Курахове, у період воєнного стану шляхом вирішення питання питного водопостачання на 2024 рік | F26: 07.12.2023 № 708-р/МВА | G26: =H26+I26 -> 0 | H26: ='Расходы '!E45-H28 -> 0 | I26: ='Расходы '!K45-I28 -> 0 | J26: ='Расходы '!L45-J28 -> 0
A27: ='Расходы '!A46 -> 0116020 | B27: ='Расходы '!B46 -> 6020 | C27: ='Расходы '!C46 -> 0620 | D27: ='Расходы '!D46 -> Забезпечення функціонування підприємств, установ та організацій, що виробляють, виконують та/або надають житлово-комунальні послуги | E27: Про затвердження Програми розвитку житлово-комунального господарства та благоустрою Курахівської міської територіальної громади на 2024 рік | F27: 07.12.2023 № 705-р/МВА | G27: =H27+I27 -> 0 | H27: ='Расходы '!E46 -> 0 | I27: ='Расходы '!K46 -> 0 | J27: ='Расходы '!L46 -> 0
A28: ='Расходы '!A45 -> 0116013 | B28: ='Расходы '!B45 -> 6013 | C28: ='Расходы '!C45 -> 0620 | D28: ='Расходы '!D45 -> Забезпечення діяльності водопровідно-каналізаційного господарства | E28: Програма забезпечення життєдіяльності населення м. Гірник, смт. Курахівка та Гостре у період воєнного стану шляхом вирішення питання водопостачання для задоволення господарсько-побутових потреб на 2023-2024 роки (із змінами та доповненнями) | F28: 14.08.2023 № 418-р/МВА | G28: =H28+I28 -> 0
A29: ='Расходы '!A47 -> 0116030 | B29: ='Расходы '!B47 -> 6030 | C29: ='Расходы '!C47 -> 0620 | D29: ='Расходы '!D47 -> Організація благоустрою населених пунктів | E29: Програма розвитку житлово-комунального господарства та благоустрою Курахівської міської територіальної громади на 2024 рік | F29: 07.12.2023 № 705-р/МВА | G29: =H29+I29 -> 0 | H29: ='Расходы '!E47 -> 0 | I29: ='Расходы '!K47 -> 0 | J29: ='Расходы '!L47 -> 0
A30: ='Расходы '!A48 -> 0 | B30: ='Расходы '!B48 -> 6030 | C30: ='Расходы '!C48 -> 0620 | D30: ='Расходы '!D48 -> Організація благоустрою населених пунктів | E30: Програма економічного і соціального розвитку Курахівської міської територіальної громади на 2022 рік | G30: =H30+I30 -> 0 | H30: ='Расходы '!E48 -> 0 | I30: ='Расходы '!K48 -> 0 | J30: ='Расходы '!L48 -> 0
A31: ='Расходы '!A49 -> 0116082 | B31: ='Расходы '!B49 -> 6082 | C31: ='Расходы '!C49 -> 0610 | D31: ='Расходы '!D49 -> Придбання житла для окремих категорій населення відповідно до законодавства | E31: Програма економічного і соціального розвитку Курахівської міської територіальної громади на 2022 рік | H31: ='Расходы '!E49 -> 0
A32: ='Расходы '!A49 -> 0116082 | B32: ='Расходы '!B49 -> 6082 | C32: ='Расходы '!C49 -> 0610 | D32: ='Расходы '!D49 -> Придбання житла для окремих категорій населення відповідно до законодавства | E32: Програма місцевих стимулів для залучення фахівців та молодих спеціалістів у галузі охорони здоров'я на 2021-2025 роки | G32: =H32+I32 -> 0 | H32: 0 | I32: 0 | J32: 0
A33: ='Расходы '!A50 -> 0 | B33: ='Расходы '!B50 -> 6083 | C33: ='Расходы '!C50 -> 0610 | D33: ='Расходы '!D50 -> Проектні, будівельно-ремонтні роботи, придбання житла та приміщень для розвитку сімейних та інших форм виховання, наближених до сімейних, та забезпечення житлом дітей-сиріт, дітей, позбавлених батьківського піклування, осіб з їх числа | E33: Програма економічного і соціального розвитку Курахівської міської територіальної громади на 2022 рік | G33: =H33+I33 -> 0 | H33: ='Расходы '!E50 -> 0 | I33: ='Расходы '!K50 -> 0 | J33: ='Расходы '!L50 -> 0
A34: ='Расходы '!A51 -> 0117130 | B34: ='Расходы '!B51 -> 7130 | C34: ='Расходы '!C51 -> 0421 | D34: ='Расходы '!D51 -> Здійснення заходів із землеустрою | E34: Програма економічного і соціального розвитку Курахівської міської територіальної громади на 2022 рік | G34: =H34+I34 -> 0 | H34: ='Расходы '!E51 -> 0 | I34: ='Расходы '!K51 -> 0 | J34: ='Расходы '!L51 -> 0
A35: ='Расходы '!A52 -> 0 | B35: ='Расходы '!B52 -> 7210 | C35: ='Расходы '!C52 -> 0432 | D35: ='Расходы '!D52 -> Організація експлуатації газового господарства | E35: Програма економічного і соціального розвитку Курахівської міської територіальної громади на 2022 рік | G35: =H35+I35 -> 0 | H35: ='Расходы '!E52 -> 0 | I35: ='Расходы '!K52 -> 0 | J35: ='Расходы '!L52 -> 0
A36: ='Расходы '!A53 -> 0 | B36: ='Расходы '!B53 -> 7310 | C36: ='Расходы '!C53 -> 0443 | D36: ='Расходы '!D53 -> Будівництво1 об'єктів житловл-комунального господарства | E36: Програма економічного і соціального розвитку Курахівської міської територіальної громади на 2022 рік | G36: =H36+I36 -> 0 | H36: ='Расходы '!E53 -> 0 | I36: ='Расходы '!K53 -> 0 | J36: ='Расходы '!L53 -> 0
A37: ='Расходы '!A54 -> 0 | B37: ='Расходы '!B54 -> 7321 | C37: ='Расходы '!C54 -> 0443 | D37: ='Расходы '!D54 -> Будівництво1 освітніх установ та закладів | E37: Програма економічного і соціального розвитку Курахівської міської територіальної громади на 2022 рік | G37: =H37+I37 -> 0 | H37: ='Расходы '!E54 -> 0 | I37: ='Расходы '!K54 -> 0 | J37: ='Расходы '!L54 -> 0
A38: ='Расходы '!A55 -> 0 | B38: ='Расходы '!B55 -> 7322 | C38: ='Расходы '!C55 -> 0443 | D38: ='Расходы '!D55 -> Будівництво1 медичних установ та закладів | E38: Програма економічного і соціального розвитку Курахівської міської територіальної громади на 2022 рік | G38: =H38+I38 -> 0 | H38: ='Расходы '!E55 -> 0 | I38: ='Расходы '!K55 -> 0 | J38: ='Расходы '!L55 -> 0
A39: ='Расходы '!A56 -> 0 | B39: ='Расходы '!B56 -> 7324 | C39: ='Расходы '!C56 -> 0443 | D39: ='Расходы '!D56 -> Будівництво1 установ та закладів культури | E39: Програма економічного і соціального розвитку Курахівської міської територіальної громади на 2022 рік | G39: =H39+I39 -> 0 | H39: ='Расходы '!E56 -> 0 | I39: ='Расходы '!K56 -> 0 | J39: ='Расходы '!L56 -> 0
A40: ='Расходы '!A57 -> 0117325 | B40: ='Расходы '!B57 -> 7325 | C40: ='Расходы '!C57 -> 0443 | D40: ='Расходы '!D57 -> Будівництво1 споруд, установ та закладів фізичної культури і спорту | E40: Програма економічного і соціального розвитку Курахівської міської територіальної громади на 2022 рік | G40: =H40+I40 -> 0 | H40: ='Расходы '!E57 -> 0 | I40: ='Расходы '!K57 -> 0 | J40: ='Расходы '!L57 -> 0
A41: ='Расходы '!A58 -> 0 | B41: ='Расходы '!B58 -> 7330 | C41: ='Расходы '!C58 -> 0443 | D41: ='Расходы '!D58 -> Будівництво1 інших об'єктів комунальної власності | E41: Програма економічного і соціального розвитку Курахівської міської територіальної громади на 2022 рік | G41: =H41+I41 -> 0 | H41: ='Расходы '!E58 -> 0 | I41: ='Расходы '!K58 -> 0 | J41: ='Расходы '!L58 -> 0
A42: ='Расходы '!A59 -> 0117350 | B42: ='Расходы '!B59 -> 7350 | C42: ='Расходы '!C59 -> 0443 | D42: ='Расходы '!D59 -> Розроблення схем планування та забудови територій (містобудівної документації) | E42: Програма економічного і соціального розвитку Курахівської міської територіальної громади на 2022 рік | G42: =H42+I42 -> 0 | H42: ='Расходы '!E59 -> 0 | I42: ='Расходы '!K59 -> 0 | J42: ='Расходы '!L59 -> 0
A43: ='Расходы '!A60 -> 0117363 | B43: ='Расходы '!B60 -> 7363 | C43: ='Расходы '!C60 -> 0490 | D43: ='Расходы '!D60 -> Виконання інвестиційних проектів в рамках здійснення заходів щодо соціально-економічного розвитку окремих територій | E43: Програма економічного і соціального розвитку Курахівської міської територіальної громади на 2022 рік | G43: =H43+I43 -> 0 | H43: ='Расходы '!E60 -> 0 | I43: ='Расходы '!K60 -> 0 | J43: ='Расходы '!L60 -> 0
A44: ='Расходы '!A61 -> 0117370 | B44: ='Расходы '!B61 -> 7370 | C44: ='Расходы '!C61 -> 0490 | D44: ='Расходы '!D61 -> Реалізація інших заходів щодо соціально-економічного розвитку територій | E44: Програма економічного і соціального розвитку Курахівської міської територіальної громади на 2026 рік | F44: 24.12.2025 № 419-р/МВА | G44: =H44+I44 -> 122930748 | H44: ='Расходы '!E61-H45 -> 122930748 | I44: ='Расходы '!K61-I45 -> 0 | J44: ='Расходы '!L61-J45 -> 0
A45: ='Расходы '!A61 -> 0117370 | B45: ='Расходы '!B61 -> 7370 | C45: ='Расходы '!C61 -> 0490 | D45: ='Расходы '!D61 -> Реалізація інших заходів щодо соціально-економічного розвитку територій | E45: Програма забезпечення мобілізаційної підготовки та оборонної роботи на території Курахівської міської територіальної громади на 2021-2023 роки | F45: 24.12.2025 № 419-р/МВА | G45: =H45+I45 -> 0 | H45: 0 | I45: 0 | J45: 0
A46: ='Расходы '!A62 -> 0 | B46: ='Расходы '!B62 -> 7461 | C46: ='Расходы '!C62 -> 0456 | D46: ='Расходы '!D62 -> Утримання та розвиток автомобільних доріг та дорожньої інфраструктури за рахунок коштів місцевого бюджету | E46: Програма економічного і соціального розвитку Курахівської міської територіальної громади на 2022 рік | F46: 24.12.2025 № 419-р/МВА | G46: =H46+I46 -> 0 | H46: ='Расходы '!E62 -> 0 | I46: ='Расходы '!K62 -> 0 | J46: ='Расходы '!L62 -> 0
A47: ='Расходы '!A63 -> 0117540 | B47: ='Расходы '!B63 -> 7540 | C47: ='Расходы '!C63 -> 0460 | D47: ='Расходы '!D63 -> Реалізація заходів, спрямованих на підвищення доступності широкосмугового доступу до Інтернету в сільській місцевості | E47: Програма економічного і соціального розвитку Курахівської міської територіальної громади на 2022 рік | F47: 24.12.2025 № 419-р/МВА | G47: =H47+I47 -> 0 | H47: ='Расходы '!E63 -> 0 | I47: ='Расходы '!K63 -> 0 | J47: ='Расходы '!L63 -> 0
A48: ='Расходы '!A64 -> 0117650 | B48: ='Расходы '!B64 -> 7650 | C48: ='Расходы '!C64 -> 0490 | D48: ='Расходы '!D64 -> Проведення експертної грошової оцінки земельної ділянки чи права на неї | E48: Програма економічного і соціального розвитку Курахівської міської територіальної громади на 2022 рік | F48: 24.12.2025 № 419-р/МВА | G48: =H48+I48 -> 0 | H48: ='Расходы '!E64 -> 0 | I48: ='Расходы '!K64 -> 0 | J48: ='Расходы '!L64 -> 0
A49: ='Расходы '!A65 -> 0117670 | B49: ='Расходы '!B65 -> 7670 | C49: ='Расходы '!C65 -> 0490 | D49: ='Расходы '!D65 -> Внески до статутного капіталу суб'єктів господарювання | E49: Програми економічного і соціального розвитку Курахівської міської територіальної громади на 2024 рік | F49: 24.12.2025 № 419-р/МВА | G49: =H49+I49 -> 0 | H49: ='Расходы '!E65 -> 0 | I49: ='Расходы '!K65 -> 0 | J49: ='Расходы '!L65 -> 0
A50: ='Расходы '!A66 -> 0117680 | B50: ='Расходы '!B66 -> 7680 | C50: ='Расходы '!C66 -> 0490 | D50: ='Расходы '!D66 -> Членські внески до асоціацій органів місцевого самоврядування | E50: Програми економічного і соціального розвитку Курахівської міської територіальної громади на 2024 рік | F50: 24.12.2025 № 419-р/МВА | G50: =H50+I50 -> 0 | H50: ='Расходы '!E66 -> 0 | I50: ='Расходы '!K66 -> 0 | J50: ='Расходы '!L66 -> 0
A51: ='Расходы '!A68 -> 0118110 | B51: ='Расходы '!B68 -> 8110 | C51: ='Расходы '!C68 -> 0320 | D51: ='Расходы '!D68 -> Заходи із запобігання та лiквiдацiї надзвичайних ситуацiй та наслiдкiв стихійного лиха | E51: Програма економічного і соціального розвитку Курахівської міської територіальної громади на 2026 рік | F51: 24.12.2025 № 419-р/МВА | G51: =H51+I51 -> 286235 | H51: ='Расходы '!E68 -> 286235 | I51: ='Расходы '!K68 -> 0 | J51: ='Расходы '!L68 -> 0
A52: ='Расходы '!A67 -> 0118220 | B52: ='Расходы '!B67 -> 8220 | C52: ='Расходы '!C67 -> 0380 | D52: ='Расходы '!D67 -> Заходи та роботи з мобілізаційної підготовки місцевого значення | E52: Програма економічного і соціального розвитку Курахівської міської територіальної громади на 2026 рік | F52: 24.12.2025 № 419-р/МВА | G52: =H52+I52 -> 1289184 | H52: ='Расходы '!E67 -> 1289184 | I52: ='Расходы '!K67 -> 0 | J52: ='Расходы '!L67 -> 0
A53: ='Расходы '!A70 -> 0118240 | B53: ='Расходы '!B70 -> 8240 | C53: ='Расходы '!C70 -> 0380 | D53: ='Расходы '!D70 -> Заходи та роботи з територіальної оборони | E53: Програма забезпечення мобілізаційної підготовки та оборонної роботи на території Курахівської міської територіальної громади на 2021-2023 роки | G53: =H53+I53 -> 0 | H53: ='Расходы '!E70 -> 0 | I53: ='Расходы '!K70 -> 0 | J53: ='Расходы '!L70 -> 0
A54: ='Расходы '!A71 -> 0118240 | B54: ='Расходы '!B71 -> 8240 | C54: ='Расходы '!C71 -> 0380 | D54: ='Расходы '!D71 -> Заходи та роботи з територіальної оборони (за рахунок вільного залишку освітньої субвенції станом на 01.01.2022) | E54: Програма забезпечення мобілізаційної підготовки та оборонної роботи на території Курахівської міської територіальної громади на 2021-2023 роки | G54: =H54+I54 -> 0 | H54: ='Расходы '!E71 -> 0 | I54: ='Расходы '!K71 -> 0 | J54: ='Расходы '!L71 -> 0
A55: ='Расходы '!A72 -> 0118311 | B55: ='Расходы '!B72 -> 8311 | C55: ='Расходы '!C72 -> 0511 | D55: ='Расходы '!D72 -> Охорона та раціональне використання природних ресурсів | E55: Програми економічного і соціального розвитку Курахівської міської територіальної громади на 2024 рік | G55: =H55+I55 -> 0 | H55: ='Расходы '!E72 -> 0 | I55: ='Расходы '!K72 -> 0 | J55: ='Расходы '!L72 -> 0
A56: ='Расходы '!A73 -> 0120180 | B56: ='Расходы '!B73 -> 0180 | C56: ='Расходы '!C73 -> 0133 | D56: ='Расходы '!D73 -> Інша діяльність у сфері державного управління | E56: Програма інформатизації Курахівської міської територіальної громади Покровського району Донецької області на 2026-2028 роки (зі змінами) | F56: 05.11.2025 № 292-р | I56: ='Расходы '!K73 -> 0 | J56: ='Расходы '!L73 -> 0
A57: ='Расходы '!A74 -> 0126013 | B57: ='Расходы '!B74 -> 6013 | C57: ='Расходы '!C74 -> 0620 | D57: ='Расходы '!D74 -> Забезпечення діяльності водопровідно-каналізаційного господарства | E57: Програма розвитку житлово-комунального господарства та благоустрою Курахівської міської територіальної громади на 2024 рік | F57: 07.12.2023 № 705-р/МВА | G57: =H57+I57 -> 0 | H57: ='Расходы '!E74 -> 0 | I57: ='Расходы '!K74 -> 0 | J57: ='Расходы '!L74 -> 0
A58: ='Расходы '!A75 -> 0126020 | B58: ='Расходы '!B75 -> 6020 | C58: ='Расходы '!C75 -> 0620 | D58: ='Расходы '!D75 -> Забезпечення функціонування підприємств, установ та організацій, що виробляють, виконують та/або надають житлово-комунальні послуги | E58: Програма розвитку житлово-комунального господарства та благоустрою Курахівської міської територіальної громади на 2024 рік | F58: 07.12.2023 № 705-р/МВА | G58: =H58+I58 -> 0 | H58: ='Расходы '!E75 -> 0 | I58: ='Расходы '!K75 -> 0 | J58: ='Расходы '!L75 -> 0
A59: ='Расходы '!A76 -> 0126030 | B59: ='Расходы '!B76 -> 6030 | C59: ='Расходы '!C76 -> 0620 | D59: ='Расходы '!D76 -> Організація благоустрою населених пунктів | E59: Програма розвитку житлово-комунального господарства та благоустрою Курахівської міської територіальної громади на 2024 рік | F59: 07.12.2023 № 705-р/МВА | G59: =H59+I59 -> 0 | H59: ='Расходы '!E76 -> 0 | I59: ='Расходы '!K76 -> 0 | J59: ='Расходы '!L76 -> 0
A60: ='Расходы '!A78 -> 0127693 | B60: ='Расходы '!B78 -> 7693 | C60: ='Расходы '!C78 -> 0490 | D60: ='Расходы '!D78 -> Інші заходи, пов'язані з економічною діяльністю | E60: Програма підтримки комунального підприємства «Міська служба єдиного замовника» Курахівської міської ради» на 2026-2028 роки | F60: проєкт | G60: =H60+I60 -> 12482436 | H60: ='Расходы '!E78-H61 -> 12482436 | I60: ='Расходы '!K78 -> 0 | J60: ='Расходы '!L78 -> 0
A61: ='Расходы '!A78 -> 0127693 | B61: ='Расходы '!B78 -> 7693 | C61: ='Расходы '!C78 -> 0490 | D61: ='Расходы '!D78 -> Інші заходи, пов'язані з економічною діяльністю | E61: Програма економічного і соціального розвитку Курахівської міської територіальної громади на 2026 рік | F61: 24.12.2025 № 419-р/МВА | G61: =H61+I61 -> 1487430 | H61: 1487430 | I61: ='Расходы '!K78 -> 0 | J61: ='Расходы '!L78 -> 0
A62: ='Расходы '!A79 -> 0128110 | B62: ='Расходы '!B79 -> 8110 | C62: ='Расходы '!C79 -> 0320 | D62: ='Расходы '!D79 -> Заходи із запобігання та лiквiдацiї надзвичайних ситуацiй та наслiдкiв стихійного лиха | E62: Програма економічного і соціального розвитку Курахівської міської територіальної громади на 2026 рік | F62: 24.12.2025 № 419-р/МВА | G62: =H62+I62 -> 1585775 | H62: ='Расходы '!E79 -> 1585775 | I62: ='Расходы '!K79 -> 0 | J62: ='Расходы '!L79 -> 0
A63: ='Расходы '!A80 -> 0128742 | B63: ='Расходы '!B80 -> 8742 | C63: ='Расходы '!C80 -> 0620 | D63: ='Расходы '!D80 -> Заходи із запобігання та ліквідації наслідків надзвичайної ситуації в каналізаційній системі за рахунок коштів резервного фонду місцевого бюджету | E63: Програма економічного і соціального розвитку Курахівської міської територіальної громади на 2022 рік | G63: =H63+I63 -> 0 | H63: ='Расходы '!E80 -> 0 | I63: ='Расходы '!K80 -> 0 | J63: ='Расходы '!L80 -> 0
A64: ='Расходы '!A81 -> 0132111 | B64: ='Расходы '!B81 -> 2111 | C64: ='Расходы '!C81 -> 0726 | D64: ='Расходы '!D81 -> Первинна медична допомога населенню, що надається центрами первинної медичної (медико-санітарної) допомоги | E64: Програма підтримки закладів охорони здоров’я в Курахівській міській територіальній громаді на 2026 рік | F64: проєкт | G64: =H64+I64 -> 7150979 | H64: ='Расходы '!E81-H65 -> 7150979 | I64: ='Расходы '!K81 -> 0 | J64: ='Расходы '!L81 -> 0
A65: ='Расходы '!A81 -> 0132111 | B65: ='Расходы '!B81 -> 2111 | C65: ='Расходы '!C81 -> 0726 | D65: ='Расходы '!D81 -> Первинна медична допомога населенню, що надається центрами первинної медичної (медико-санітарної) допомоги | E65: Програма економічного і соціального розвитку Курахівської міської територіальної громади на 2026 рік | F65: 24.12.2025 № 419-р/МВА | G65: =H65+I65 -> 912619 | H65: 912619 | I65: ='Расходы '!K82 -> 0 | J65: ='Расходы '!L82 -> 0
A66: ='Расходы '!A83 -> 0136030 | B66: ='Расходы '!B84 -> 7322 | C66: ='Расходы '!C84 -> 0443 | D66: ='Расходы '!D84 -> Будівництво медичних установ та закладів | E66: Програма розвитку та підтримки закладів охорони здоров’я в Курахівській міській територіальній громаді на 2024 рік | F66: 24.12.2025 № 419-р/МВА | G66: =H66+I66 -> 0 | H66: ='Расходы '!E83 -> 0 | I66: ='Расходы '!K83 -> 0 | J66: ='Расходы '!L83 -> 0
A67: ='Расходы '!A85 -> 0146030 | B67: ='Расходы '!B85 -> 6030 | C67: ='Расходы '!C85 -> 0620 | D67: ='Расходы '!D85 -> Організація благоустрою населених пунктів | E67: Програма розвитку житлово-комунального господарства та благоустрою Курахівської міської територіальної громади на 2024 рік | F67: 24.12.2025 № 419-р/МВА | G67: =H67+I67 -> 0 | H67: ='Расходы '!E85 -> 0 | I67: ='Расходы '!K85 -> 0 | J67: ='Расходы '!L85 -> 0
A68: ='Расходы '!A90 -> 0611010 | B68: ='Расходы '!B90 -> 1010 | C68: ='Расходы '!C90 -> 0910 | D68: ='Расходы '!D90 -> Надання дошкільної освіти | E68: Програма економічного і соціального розвитку Курахівської міської територіальної громади на 2026 рік | F68: 24.12.2025 № 419-р/МВА | G68: =H68+I68 -> 150000 | H68: 150000 | I68: ='Расходы '!K90 -> 0 | J68: ='Расходы '!L90 -> 0
A69: ='Расходы '!A91 -> 0611021 | B69: ='Расходы '!B91 -> 1021 | C69: ='Расходы '!C91 -> 0921 | D69: ='Расходы '!D91 -> Надання загальної середньої освіти закладами загальної середньої освіти за рахунок коштів місцевого бюджету | E69: Програма економічного і соціального розвитку Курахівської міської територіальної громади на 2026 рік | F69: 24.12.2025 № 419-р/МВА | G69: =H69+I69 -> 967060 | H69: =800000+30000+137060 -> 967060 | I69: ='Расходы '!K91 -> 0 | J69: ='Расходы '!L91 -> 0
A70: ='Расходы '!A91 -> 0611021 | B70: ='Расходы '!B91 -> 1021 | C70: ='Расходы '!C91 -> 0921 | D70: ='Расходы '!D91 -> Надання загальної середньої освіти закладами загальної середньої освіти за рахунок коштів місцевого бюджету | E70: Програма з утвердження української національної та громадянської ідентичності у Курахівській міській територіальній громаді на 2026-2028 роки | F70: 26.03.2026 № 79-р/МВА | G70: =H70+I70 -> 298500 | H70: =80000+10000+208500 -> 298500 | I70: ='Расходы '!K92 -> 0 | J70: ='Расходы '!L92 -> 0
A71: ='Расходы '!A93 -> 0611061 | B71: ='Расходы '!B93 -> 1061 | C71: ='Расходы '!C93 -> 0921 | D71: ='Расходы '!D93 -> Надання загальної середньої освіти закладами загальної середньої освіти | E71: Про затвердження Програми розвитку освіти Курахівської міської територіальної громади на 2024 рік | F71: 24.12.2025 № 419-р/МВА | G71: =H71+I71 -> 0 | H71: ='Расходы '!E93 -> 0 | I71: ='Расходы '!K93 -> 0 | J71: ='Расходы '!L93 -> 0
A72: ='Расходы '!A94 -> 0611070 | B72: ='Расходы '!B94 -> 1070 | C72: ='Расходы '!C94 -> 0960 | D72: ='Расходы '!D94 -> Надання позашкільної освіти закладами позашкільної освіти, заходи із позашкільної роботи з дітьми | F72: 24.12.2025 № 419-р/МВА | G72: =H72+I72 -> 0 | H72: 0 | I72: ='Расходы '!K94 -> 0 | J72: ='Расходы '!L94 -> 0
A73: ='Расходы '!A95 -> 0611120 | B73: ='Расходы '!B95 -> 1120 | C73: ='Расходы '!C95 -> 0950 | D73: ='Расходы '!D95 -> Підвищення кваліфікації, перепідготовка кадрів закладами післядипломної освіти | F73: 24.12.2025 № 419-р/МВА | I73: ='Расходы '!K95 -> 0 | J73: ='Расходы '!L95 -> 0
A74: ='Расходы '!A97 -> 0611142 | B74: ='Расходы '!B97 -> 1142 | C74: ='Расходы '!C97 -> 0990 | D74: ='Расходы '!D97 -> Інші програми та заходи у сфері освіти | E74: Програма підтримки та розвитку обдарованих дітей та талановитої молоді на 2021-2027 роки (зі змінами) | F74: від 19.05.2021 № VІІІ/10-55 | G74: =H74+I74 -> 250960 | H74: ='Расходы '!E97-H75 -> 250960 | I74: ='Расходы '!K97 -> 0 | J74: ='Расходы '!L97 -> 0
A75: ='Расходы '!A97 -> 0611142 | B75: ='Расходы '!B97 -> 1142 | C75: ='Расходы '!C97 -> 0990 | D75: ='Расходы '!D97 -> Інші програми та заходи у сфері освіти | E75: Програма економічного і соціального розвитку Курахівської міської територіальної громади на 2026 рік | F75: 24.12.2025 № 419-р/МВА | G75: =H75+I75 -> 28960 | H75: 28960 | I75: ='Расходы '!K97 -> 0 | J75: ='Расходы '!L97 -> 0
A76: ='Расходы '!A98 -> 0611160 | B76: ='Расходы '!B98 -> 1160 | C76: ='Расходы '!C98 -> 0990 | D76: ='Расходы '!D98 -> Забезпечення діяльності центрів професійного розвитку педагогічних працівників | F76: 24.12.2025 № 419-р/МВА | G76: =H76+I76 -> 0 | H76: 0 | I76: ='Расходы '!K98 -> 0 | J76: ='Расходы '!L98 -> 0
A77: ='Расходы '!A99 -> 0611171 | B77: ='Расходы '!B99 -> 1171 | C77: ='Расходы '!C99 -> 0990 | D77: ='Расходы '!D99 -> Співфінансування заходів, що реалізуються за рахунок субвенції з державного бюджету місцевим бюджетам на реалізацію програми "Спроможна школа для кращих результатів" | E77: Програма економічного і соціального розвитку Курахівської міської територіальної громади на 2022 рік | F77: 24.12.2025 № 419-р/МВА | G77: =H77+I77 -> 0 | H77: ='Расходы '!E99 -> 0 | I77: ='Расходы '!K99 -> 0 | J77: ='Расходы '!L99 -> 0
A78: ='Расходы '!A100 -> 0611172 | B78: ='Расходы '!B100 -> 1172 | C78: ='Расходы '!C100 -> 0990 | D78: ='Расходы '!D100 -> Виконання заходів в рамках реалізації програми "Спроможна школа для кращих результатів" за рахунок субвенції з державного бюджету місцевим бюджетам | E78: Програма економічного і соціального розвитку Курахівської міської територіальної громади на 2022 рік | F78: 24.12.2025 № 419-р/МВА | G78: =H78+I78 -> 0 | H78: ='Расходы '!E100 -> 0 | I78: ='Расходы '!K100 -> 0 | J78: ='Расходы '!L100 -> 0
A79: ='Расходы '!A101 -> 0611181 | B79: ='Расходы '!B101 -> 1181 | C79: ='Расходы '!C101 -> 0990 | D79: ='Расходы '!D101 -> Співфінансування заходів, що реалізуються за рахунок субвенції з державного бюджету місцевим бюджетам на забезпечення якісної, сучасної та доступної загальної середньої освіти "Нова українська школа" | E79: Програма економічного і соціального розвитку Курахівської міської територіальної громади на 2022 рік | F79: 24.12.2025 № 419-р/МВА | G79: =H79+I79 -> 0 | H79: ='Расходы '!E101 -> 0 | I79: ='Расходы '!K101 -> 0 | J79: ='Расходы '!L101 -> 0
A80: ='Расходы '!A102 -> 0611182 | B80: ='Расходы '!B102 -> 1182 | C80: ='Расходы '!C102 -> 0990 | D80: ='Расходы '!D102 -> Виконання заходів, спрямованих на забезпечення якісної, сучасної та доступної загальної середньої освіти "Нова українська школа" за рахунок субвенції з державного бюджету місцевим бюджетам | E80: Програма економічного і соціального розвитку Курахівської міської територіальної громади на 2022 рік | F80: 24.12.2025 № 419-р/МВА | G80: =H80+I80 -> 0 | H80: ='Расходы '!E102 -> 0 | I80: ='Расходы '!K102 -> 0 | J80: ='Расходы '!L102 -> 0
A81: ='Расходы '!A103 -> 0611200 | B81: ='Расходы '!B103 -> 1200 | C81: ='Расходы '!C103 -> 0990 | D81: ='Расходы '!D103 -> Надання освіти за рахунок субвенції з державного бюджету місцевим бюджету на надання державної підтримки особам з особливими освітніми потребами | E81: Програма економічного і соціального розвитку Курахівської міської територіальної громади на 2022 рік | F81: 24.12.2025 № 419-р/МВА | G81: =H81+I81 -> 0 | H81: ='Расходы '!E103 -> 0 | I81: ='Расходы '!K103 -> 0 | J81: ='Расходы '!L103 -> 0
A82: ='Расходы '!A104 -> 611600 | B82: ='Расходы '!B104 -> 1600 | C82: ='Расходы '!C104 -> 0990 | D82: ='Расходы '!D104 -> Здійснення доплат педагогічним працівникам закладів загальної середньої освіти за рахунок субвенції з державного бюджету місцевим бюджетам | E82: Програма економічного і соціального розвитку Курахівської міської територіальної громади на 2022 рік | F82: 24.12.2025 № 419-р/МВА | G82: =H82+I82 -> 0 | I82: ='Расходы '!K104 -> 0 | J82: ='Расходы '!L104 -> 0
A83: ='Расходы '!A105 -> 0611184 | B83: ='Расходы '!B105 -> 1184 | C83: ='Расходы '!C105 -> 0990 | D83: ='Расходы '!D105 -> Виконання заходів, спрямованих на реалізацію публічного інвестиційного проекту на забезпечення якісної, сучасної та доступної загальної середньої освіти «Нова українська школа» за рахунок субвенції з державного бюджету місцевим бюджетам | E83: Програма економічного і соціального розвитку Курахівської міської територіальної громади на 2022 рік | F83: 24.12.2025 № 419-р/МВА | G83: =H83+I83 -> 0 | H83: 0 | I83: ='Расходы '!K105 -> 0 | J83: ='Расходы '!L105 -> 0
A84: ='Расходы '!A106 -> 613134 | B84: ='Расходы '!B106 -> 3134 | C84: ='Расходы '!C106 -> 1040 | D84: ='Расходы '!D106 -> Здійснення заходів та реалізація проектів на виконання програм у сфері утвердження української національної та громадянської ідентичності | E84: Програма з утвердження української національної та громадянської ідентичності у Курахівській міській територіальній громаді на 2026-2028 роки | F84: 26.03.2026 № 79-р/МВА | G84: =H84+I84 -> 190000 | H84: ='Расходы '!E106 -> 190000 | I84: ='Расходы '!K106 -> 0 | J84: ='Расходы '!L106 -> 0
A85: ='Расходы '!A107 -> 0631031 | B85: ='Расходы '!B107 -> 1031 | C85: ='Расходы '!C107 -> 1040 | D85: ='Расходы '!D107 -> Здійснення заходів та реалізація проектів на виконання програм у сфері утвердження української національної та громадянської ідентичності | E85: Програма економічного і соціального розвитку Курахівської міської територіальної громади на 2022 рік | F85: 24.12.2025 № 419-р/МВА | G85: =H85+I85 -> 0 | H85: ='Расходы '!E107 -> 0 | I85: ='Расходы '!K107 -> 0 | J85: ='Расходы '!L107 -> 0
A86: ='Расходы '!A108 -> 0 | B86: ='Расходы '!B108 -> 0 | C86: ='Расходы '!C108 -> 0 | D86: ='Расходы '!D108 -> 0 | E86: Програма економічного і соціального розвитку Курахівської міської територіальної громади на 2022 рік | F86: 24.12.2025 № 419-р/МВА | G86: =H86+I86 -> 0 | H86: ='Расходы '!E108 -> 0 | I86: ='Расходы '!K108 -> 0 | J86: ='Расходы '!L108 -> 0
A87: ='Расходы '!A109 -> 0 | B87: ='Расходы '!B109 -> 0 | C87: ='Расходы '!C109 -> 0 | D87: ='Расходы '!D109 -> 0 | E87: Програма економічного і соціального розвитку Курахівської міської територіальної громади на 2022 рік | F87: 24.12.2025 № 419-р/МВА | G87: =H87+I87 -> 0 | H87: ='Расходы '!E109 -> 0 | I87: ='Расходы '!K109 -> 0 | J87: ='Расходы '!L109 -> 0
A88: ='Расходы '!A110 -> 0 | B88: ='Расходы '!B110 -> 0 | C88: ='Расходы '!C110 -> 0 | D88: ='Расходы '!D110 -> 0 | E88: Програма економічного і соціального розвитку Курахівської міської територіальної громади на 2022 рік | F88: 24.12.2025 № 419-р/МВА | G88: =H88+I88 -> 0 | H88: ='Расходы '!E110 -> 0 | I88: ='Расходы '!K110 -> 0 | J88: ='Расходы '!L110 -> 0
A89: ='Расходы '!A111 -> 0 | B89: ='Расходы '!B111 -> 0 | C89: ='Расходы '!C111 -> 0 | D89: ='Расходы '!D111 -> 0 | E89: Програма економічного і соціального розвитку Курахівської міської територіальної громади на 2022 рік | F89: 24.12.2025 № 419-р/МВА | G89: =H89+I89 -> 0 | H89: ='Расходы '!E111 -> 0 | I89: ='Расходы '!K111 -> 0 | J89: ='Расходы '!L111 -> 0
A90: ='Расходы '!A112 -> 0 | B90: ='Расходы '!B112 -> 0 | C90: ='Расходы '!C112 -> 0 | D90: ='Расходы '!D112 -> 0 | E90: Програма економічного і соціального розвитку Курахівської міської територіальної громади на 2022 рік | F90: 24.12.2025 № 419-р/МВА | G90: =H90+I90 -> 0 | H90: ='Расходы '!E112 -> 0 | I90: ='Расходы '!K112 -> 0 | J90: ='Расходы '!L112 -> 0
A91: ='Расходы '!A116 -> 0813031 | B91: ='Расходы '!B116 -> 3031 | C91: ='Расходы '!C116 -> 1030 | D91: ='Расходы '!D116 -> Надання інших пільг окремим категоріям громадян відповідно до законодавства | E91: Програма соціального захисту населення Курахівської міської територіальної громади на 2024 рік | F91: 24.12.2025 № 419-р/МВА | G91: =H91+I91 -> 0 | H91: ='Расходы '!E116 -> 0 | I91: ='Расходы '!K116 -> 0 | J91: ='Расходы '!L116 -> 0
A92: ='Расходы '!A117 -> 0813032 | B92: ='Расходы '!B117 -> 3032 | C92: ='Расходы '!C117 -> 1070 | D92: ='Расходы '!D117 -> Надання пільг окремим категоріям громадян з оплати послуг зв'язку | E92: Програма соціального захисту населення Курахівської міської територіальної громади на 2024 рік | F92: 24.12.2025 № 419-р/МВА | G92: =H92+I92 -> 0 | H92: ='Расходы '!E117 -> 0 | I92: ='Расходы '!K117 -> 0 | J92: ='Расходы '!L117 -> 0
A93: ='Расходы '!A118 -> 0813033 | B93: ='Расходы '!B118 -> 3033 | C93: ='Расходы '!C118 -> 1070 | D93: ='Расходы '!D118 -> 0 | E93: Програма соціального захисту населення Курахівської міської територіальної громади на 2024 рік | F93: 24.12.2025 № 419-р/МВА | G93: =H93+I93 -> 0 | H93: ='Расходы '!E118 -> 0 | I93: ='Расходы '!K118 -> 0 | J93: ='Расходы '!L118 -> 0
A94: ='Расходы '!A119 -> 0813050 | B94: ='Расходы '!B119 -> 3050 | C94: ='Расходы '!C119 -> 1070 | D94: ='Расходы '!D119 -> Пільгове медичне обслуговування осіб, які постраждали внаслідок Чорнобильської катастрофи | E94: Програма соціального захисту населення Курахівської міської територіальної громади на 2024 рік | F94: 24.12.2025 № 419-р/МВА | G94: =H94+I94 -> 0 | H94: ='Расходы '!E119 -> 0 | I94: ='Расходы '!K119 -> 0 | J94: ='Расходы '!L119 -> 0
A95: ='Расходы '!A120 -> 0813090 | B95: 3090 | C95: ='Расходы '!C120 -> 1030 | D95: ='Расходы '!D120 -> Видатки на поховання учасників бойових дій та осіб з інвалідністю внаслідок війни | E95: Програма соціального захисту населення Курахівської міської територіальної громади на 2024 рік | F95: 24.12.2025 № 419-р/МВА | G95: =H95+I95 -> 0 | H95: ='Расходы '!E120 -> 0 | I95: ='Расходы '!K119 -> 0 | J95: ='Расходы '!L119 -> 0
A96: ='Расходы '!A123 -> 0813105 | B96: ='Расходы '!B123 -> 3105 | C96: ='Расходы '!C123 -> 1010 | D96: ='Расходы '!D123 -> Надання реабілітаційних послуг особам з інвалідністю та дітям з інвалідністю | E96: Програма соціального захисту населення Курахівської міської територіальної громади на 2024 рік | F96: 24.12.2025 № 419-р/МВА | G96: =H96+I96 -> 0 | H96: ='Расходы '!E123 -> 0 | I96: ='Расходы '!K123 -> 0 | J96: ='Расходы '!L120 -> 0
A97: ='Расходы '!A121 -> 0813104 | B97: ='Расходы '!B121 -> 3104 | C97: ='Расходы '!C121 -> 1020 | D97: ='Расходы '!D121 -> Забезпечення соціальними послугами за місцем проживання громадян, які не здатні до самообслуговування у зв'язку з похилим віком, хворобою, інвалідністю | E97: Програма соціального захисту населення Курахівської міської територіальної громади на 2024 рік | F97: 24.12.2025 № 419-р/МВА | G97: =H97+I97 -> 0 | H97: ='Расходы '!E121 -> 0 | I97: ='Расходы '!K121 -> 0 | J97: ='Расходы '!L121 -> 0
A98: ='Расходы '!A122 -> 813114 | B98: ='Расходы '!B122 -> 3114 | C98: ='Расходы '!C122 -> 1040 | D98: ='Расходы '!D122 -> Забезпечення умов для догляду та виховання дітей і молоді в дитячих будинках сімейного типу, прийомних сім’ях та сім’ях патронатних вихователів | E98: Програма соціального захисту населення Курахівської міської територіальної громади на 2024 рік | F98: 24.12.2025 № 419-р/МВА | G98: =H98+I98 -> 150000 | H98: ='Расходы '!E122 -> 150000 | I98: ='Расходы '!K122 -> 0 | J98: ='Расходы '!L122 -> 0
A99: ='Расходы '!A124 -> 0813140 | B99: ='Расходы '!B124 -> 3140 | C99: ='Расходы '!C124 -> 1040 | D99: ='Расходы '!D124 -> Оздоровлення та відпочинок дітей (крім заходів з оздоровлення дітей, що здійснюються за рахунок коштів на оздоровлення громадян, які постраждали внаслідок Чорнобильської катастрофи) | E99: Програма оздоровлення та відпочинку дітей Курахівської міської територіальної громади на 2026 рік | F99: 02.03.2026 № 54-р/МВА | G99: =H99+I99 -> 3716808 | H99: ='Расходы '!E124 -> 3716808 | I99: ='Расходы '!K124 -> 0 | J99: ='Расходы '!L124 -> 0
A100: ='Расходы '!A120 -> 0813090 | B100: 3090 | C100: ='Расходы '!C120 -> 1030 | D100: ='Расходы '!D120 -> Видатки на поховання учасників бойових дій та осіб з інвалідністю внаслідок війни | E100: Програма економічного і соціального розвитку Курахівської міської територіальної громади на 2026 рік | F100: 24.12.2025 № 419-р/МВА | G100: 0 | H100: 0 | I100: 0 | J100: 0
A101: ='Расходы '!A125 -> 0813160 | B101: ='Расходы '!B125 -> 3160 | C101: ='Расходы '!C125 -> 1010 | D101: ='Расходы '!D125 -> Надання соціальних гарантій фізичним особам, які надають соціальні послуги громадянам похилого віку, особам з інвалідністю, дітям з інвалідністю, хворим, які не здатні до самообслуговування і потребують сторонньої допомоги | E101: Програма економічного і соціального розвитку Курахівської міської територіальної громади на 2026 рік | F101: 24.12.2025 № 419-р/МВА | G101: =H101+I101 -> 0 | H101: ='Расходы '!E125 -> 0 | I101: ='Расходы '!K125 -> 0 | J101: ='Расходы '!L125 -> 0
A102: ='Расходы '!A126 -> 0813171 | B102: ='Расходы '!B126 -> 3171 | C102: ='Расходы '!C126 -> 1010 | D102: ='Расходы '!D126 -> Компенсаційні виплати особам з інвалідністю на бензин, ремонт, технічне обслуговування автомобілів, мотоколясок і на транспортне обслуговування | E102: Програма економічного і соціального розвитку Курахівської міської територіальної громади на 2026 рік | F102: 24.12.2025 № 419-р/МВА | G102: =H102+I102 -> 14532 | H102: ='Расходы '!E126 -> 14532 | I102: ='Расходы '!K126 -> 0 | J102: ='Расходы '!L126 -> 0
...
